Workbook

Sheet N
A1: 2014
C2: Nom :
A3: MENSUEL | C3: 41640 | D3: 41671 | E3: 41699 | F3: 41730 | G3: 41760 | H3: 41791 | I3: 41821 | J3: 41852 | K3: 41883 | L3: 41913 | M3: 41944 | N3: 41974 | P3: TOTAL
A4: Hôtel
A5: Réservations | C5: 1 | D5: 2 | E5: 3 | F5: 4 | G5: 5 | H5: 6 | I5: 7 | J5: 8 | K5: 9 | L5: 10 | M5: 11 | N5: 12 | P5: =+SUM(C5:N5) -> 78
A6: Nombre de chambres louées | C6: 1 | D6: 2 | E6: 3 | F6: 4 | G6: 5 | H6: 6 | I6: 7 | J6: 8 | K6: 9 | L6: 10 | M6: 11 | N6: 12 | P6: =+SUM(C6:N6) -> 78
A7: Taux occupation | C7: 0.03 | D7: 1.03
A8: Prix moyen hébergement | C8: 1 | D8: 2 | E8: 3 | F8: 4 | G8: 5 | H8: 6 | I8: 7 | J8: 8 | K8: 9 | L8: 10 | M8: 11 | N8: 12
B10: Effectif Héberg Fixes | C10: 1 | D10: 2 | E10: 3 | F10: 4 | G10: 5 | H10: 6 | I10: 7 | J10: 8 | K10: 9 | L10: 10 | M10: 11 | N10: 12 | P10: =+SUM(C10:N10) -> 78
B11: Effectif Héberg Saisonniers | C11: 1 | D11: 2 | E11: 3 | F11: 4 | G11: 5 | H11: 6 | I11: 7 | J11: 8 | K11: 9 | L11: 10 | M11: 11 | N11: 12 | P11: =+SUM(C11:N11) -> 78
B12: Effectif Héberg Intérim | C12: 1 | D12: 2 | E12: 3 | F12: 4 | G12: 5 | H12: 6 | I12: 7 | J12: 8 | K12: 9 | L12: 10 | M12: 11 | N12: 12 | P12: =+SUM(C12:N12) -> 78
A13: Effectif Hébergement | C13: =+C10+C11+C12 -> 3 | D13: =+D10+D11+D12 -> 6 | E13: =+E10+E11+E12 -> 9 | F13: =+F10+F11+F12 -> 12 | G13: =+G10+G11+G12 -> 15 | H13: =+H10+H11+H12 -> 18 | I13: =+I10+I11+I12 -> 21 | J13: =+J10+J11+J12 -> 24 | ... N13: =+N10+N11+N12 -> 36 | P13: =+SUM(C13:N13) -> 234
A14: Couverts Restaurant & Banquet | P14: =+SUM(C14:N14) -> 0
A15: Couverts PDJ | P15: =+SUM(C15:N15) -> 0
A16: Prix moyen Restaurant & Banquet
A17: Prix moyen PDJ
B18: Effectif Rest Fixes | P18: =+SUM(C18:N18) -> 0
B19: Effectif Rest Saisonniers | P19: =+SUM(C19:N19) -> 0
B20: Effectif Héberg Intérim | P20: =+SUM(C20:N20) -> 0
A21: Effectif Restauration | C21: =+C20+C19+C18 -> 0 | D21: =+D20+D19+D18 -> 0 | E21: =+E20+E19+E18 -> 0 | F21: =+F20+F19+F18 -> 0 | G21: =+G20+G19+G18 -> 0 | H21: =+H20+H19+H18 -> 0 | I21: =+I20+I19+I18 -> 0 | J21: =+J20+J19+J18 -> 0 | ... N21: =+N20+N19+N18 -> 0 | P21: =+SUM(C21:N21) -> 0
A22: Effectif Divers | P22: =+SUM(C22:N22) -> 0
A24: Chiffre d'affaires Hébergement HT | P24: =+SUM(C24:N24) -> 0
A25: Chiffre d'affaires Restauration HT | P25: =+SUM(C25:N25) -> 0
A26: Chiffre d'affaires Divers HT | P26: =+SUM(C26:N26) -> 0
A27: Total Chiffre d'affaires HT | C27: =+C24+C25+C26 -> 0 | D27: =+D24+D25+D26 -> 0 | E27: =+E24+E25+E26 -> 0 | F27: =+F24+F25+F26 -> 0 | G27: =+G24+G25+G26 -> 0 | H27: =+H24+H25+H26 -> 0 | I27: =+I24+I25+I26 -> 0 | J27: =+J24+J25+J26 -> 0 | ... N27: =+N24+N25+N26 -> 0 | P27: =+SUM(C27:N27) -> 0
A29: Couts Marchandises Restauration | P29: 0
A30: Couts Marchandises divers (boutique HDL)
A31: Total M/ses Consommées | C31: =+C30+C29 -> 0 | D31: =+D30+D29 -> 0 | E31: =+E30+E29 -> 0 | F31: =+F30+F29 -> 0 | G31: =+G30+G29 -> 0 | H31: =+H30+H29 -> 0 | I31: =+I30+I29 -> 0 | J31: =+J30+J29 -> 0 | ... N31: =+N30+N29 -> 0 | P31: =+SUM(C31:N31) -> 0
A32: Ratio M/ses consommées restau | C32: =+C29/C25 -> #DIV/0! | D32: =+D29/D25 -> #DIV/0! | E32: =+E29/E25 -> #DIV/0! | F32: =+F29/F25 -> #DIV/0! | G32: =+G29/G25 -> #DIV/0! | H32: =+H29/H25 -> #DIV/0! | I32: =+I29/I25 -> #DIV/0! | J32: =+J29/J25 -> #DIV/0! | ... N32: =+N29/N25 -> #DIV/0! | P32: =+P29/P25 -> #DIV/0!
A33: Marge Brute | C33: =+C27-C31 -> 0 | D33: =+D27-D31 -> 0 | E33: =+E27-E31 -> 0 | F33: =+F27-F31 -> 0 | G33: =+G27-G31 -> 0 | H33: =+H27-H31 -> 0 | I33: =+I27-I31 -> 0 | J33: =+J27-J31 -> 0 | ... N33: =+N27-N31 -> 0 | P33: =+SUM(C33:N33) -> 0
A35: Intérim | C35: =+C36+C37+C38+C39 -> 0 | D35: =+D36+D37+D38+D39 -> 0 | E35: =+E36+E37+E38+E39 -> 0 | F35: =+F36+F37+F38+F39 -> 0 | G35: =+G36+G37+G38+G39 -> 0 | H35: =+H36+H37+H38+H39 -> 0 | I35: =+I36+I37+I38+I39 -> 0 | J35: =+J36+J37+J38+J39 -> 0 | ... N35: =+N36+N37+N38+N39 -> 0 | P35: =+P36+P37+P38+P39 -> 0
B36: Intérim Réception | P36: =+SUM(C36:N36) -> 0
B37: Intérim Hébergement | P37: =+SUM(C37:N37) -> 0
B38: Intérim Restauration | P38: =+SUM(C38:N38) -> 0
B39: Intérim Admin Comm | P39: =+SUM(C39:N39) -> 0
A40: Salaires bruts | C40: =+SUM(C41:C44) -> 0 | D40: =+SUM(D41:D44) -> 0 | E40: =+SUM(E41:E44) -> 0 | F40: =+SUM(F41:F44) -> 0 | G40: =+SUM(G41:G44) -> 0 | H40: =+SUM(H41:H44) -> 0 | I40: =+SUM(I41:I44) -> 0 | J40: =+SUM(J41:J44) -> 0 | ... N40: =+SUM(N41:N44) -> 0 | P40: =+SUM(P41:P44) -> 0
B41: SB Réception | P41: =+SUM(C41:N41) -> 0
B42: SB Hébergement | P42: =+SUM(C42:N42) -> 0
B43: SB Restauration | P43: =+SUM(C43:N43) -> 0
B44: SB Admin Comm | P44: =+SUM(C44:N44) -> 0
A45: Charges Sociales | C45: =+C46+C47+C48+C49 -> 0 | D45: =+D46+D47+D48+D49 -> 0 | E45: =+E46+E47+E48+E49 -> 0 | F45: =+F46+F47+F48+F49 -> 0 | G45: =+G46+G47+G48+G49 -> 0 | H45: =+H46+H47+H48+H49 -> 0 | I45: =+I46+I47+I48+I49 -> 0 | J45: =+J46+J47+J48+J49 -> 0 | ... N45: =+N46+N47+N48+N49 -> 0 | P45: =+P46+P47+P48+P49 -> 0
B46: CS Réception | P46: =+SUM(C46:N46) -> 0
B47: CS Hébergement | P47: =+SUM(C47:N47) -> 0
B48: CS Restauration | P48: =+SUM(C48:N48) -> 0
B49: CS Admin Comm | P49: =+SUM(C49:N49) -> 0
A50: Rémunération variable | C50: =+C51+C52+C53+C54 -> 0 | D50: =+D51+D52+D53+D54 -> 0 | E50: =+E51+E52+E53+E54 -> 0 | F50: =+F51+F52+F53+F54 -> 0 | G50: =+G51+G52+G53+G54 -> 0 | H50: =+H51+H52+H53+H54 -> 0 | I50: =+I51+I52+I53+I54 -> 0 | J50: =+J51+J52+J53+J54 -> 0 | ... N50: =+N51+N52+N53+N54 -> 0 | P50: =+P51+P52+P53+P54 -> 0
B51: RV Réception | P51: =+SUM(C51:N51) -> 0
B52: RV Hébergement | P52: =+SUM(C52:N52) -> 0
B53: RV Restauration | P53: =+SUM(C53:N53) -> 0
B54: CS Admin Comm | P54: =+SUM(C54:N54) -> 0
A55: Cout formation | P55: =+SUM(C55:N55) -> 0
A56: Autres frais de personnel | P56: =+SUM(C56:N56) -> 0
A57: Impôts et taxes sur salaires | P57: =+SUM(C57:N57) -> 0
A58: Total Ressources Opérationnelles | C58: =+C35+C40+C45+C50+C55+C56+C57 -> 0 | D58: =+D35+D40+D45+D50+D55+D56+D57 -> 0 | E58: =+E35+E40+E45+E50+E55+E56+E57 -> 0 | F58: =+F35+F40+F45+F50+F55+F56+F57 -> 0 | G58: =+G35+G40+G45+G50+G55+G56+G57 -> 0 | H58: =+H35+H40+H45+H50+H55+H56+H57 -> 0 | I58: =+I35+I40+I45+I50+I55+I56+I57 -> 0 | J58: =+J35+J40+J45+J50+J55+J56+J57 -> 0 | ... N58: =+N35+N40+N45+N50+N55+N56+N57 -> 0 | P58: =+P35+P40+P45+P50+P55+P56+P57 -> 0
A60: Produits accueil et entretien | C60: =+C61+C64 -> 0 | D60: =+D61+D64 -> 0 | E60: =+E61+E64 -> 0 | F60: =+F61+F64 -> 0 | G60: =+G61+G64 -> 0 | H60: =+H61+H64 -> 0 | I60: =+I61+I64 -> 0 | J60: =+J61+J64 -> 0 | ... N60: =+N61+N64 -> 0 | P60: =+P61+P64 -> 0
A61: Blanchisserie | C61: =+C62+C63 -> 0 | D61: =+D62+D63 -> 0 | E61: =+E62+E63 -> 0 | F61: =+F62+F63 -> 0 | G61: =+G62+G63 -> 0 | H61: =+H62+H63 -> 0 | I61: =+I62+I63 -> 0 | J61: =+J62+J63 -> 0 | ... N61: =+N62+N63 -> 0 | P61: =+P62+P63 -> 0
B62: Hébergement | P62: =+SUM(C62:N62) -> 0
B63: Restauration | P63: =+SUM(C63:N63) -> 0
A64: Pdts accueil et entretien Hebergement | P64: =+SUM(C64:N64) -> 0
A65: Matériel et Fournitures Exploitation | C65: =+C66+C67+C68 -> 0 | D65: =+D66+D67+D68 -> 0 | E65: =+E66+E67+E68 -> 0 | F65: =+F66+F67+F68 -> 0 | G65: =+G66+G67+G68 -> 0 | H65: =+H66+H67+H68 -> 0 | I65: =+I66+I67+I68 -> 0 | J65: =+J66+J67+J68 -> 0 | ... N65: =+N66+N67+N68 -> 0 | P65: =+P66+P67+P68 -> 0
A66: [Petit matériel et Fournitures Exploi | P66: =+SUM(C66:N66) -> 0
A67: [Vaisselles et Ustensiles | P67: =+SUM(C67:N67) -> 0
A68: [Linge | P68: =+SUM(C68:N68) -> 0
A69: Uniformes | P69: =+SUM(C69:N69) -> 0
A70: Informatique | P70: =+SUM(C70:N70) -> 0
A71: Décoration/Animation | C71: =+C72+C73 -> 0 | D71: =+D72+D73 -> 0 | E71: =+E72+E73 -> 0 | F71: =+F72+F73 -> 0 | G71: =+G72+G73 -> 0 | H71: =+H72+H73 -> 0 | I71: =+I72+I73 -> 0 | J71: =+J72+J73 -> 0 | ... N71: =+N72+N73 -> 0 | P71: =+P72+P73 -> 0
A72: [Fleurs/plantes | P72: =+SUM(C72:N72) -> 0
A73: [Contrat décoration - espace vert | P73: =+SUM(C73:N73) -> 0
A74: Télévision et Technologie | C74: =+C75+C76 -> 0 | D74: =+D75+D76 -> 0 | E74: =+E75+E76 -> 0 | F74: =+F75+F76 -> 0 | G74: =+G75+G76 -> 0 | H74: =+H75+H76 -> 0 | I74: =+I75+I76 -> 0 | J74: =+J75+J76 -> 0 | ... N74: =+N75+N76 -> 0 | P74: =+P75+P76 -> 0
A75: [Abonnement CANAL + | P75: =+SUM(C75:N75) -> 0
A76: [Taxe Audiovisuelle / SACEM | P76: =+SUM(C76:N76) -> 0
A77: Location Matériel et Mobilier | P77: =+SUM(C77:N77) -> 0
A78: Matériel Technique et outillages | P78: =+SUM(C78:N78) -> 0
A79: Entretien Mobilier et immobilier | P79: =+SUM(C79:N79) -> 0
A80: Contrat entretien COFELY | P80: =+SUM(C80:N80) -> 0
A81: TOTAL ENERGIES | C81: =+C82+C83+C84 -> 0 | D81: =+D82+D83+D84 -> 0 | E81: =+E82+E83+E84 -> 0 | F81: =+F82+F83+F84 -> 0 | G81: =+G82+G83+G84 -> 0 | H81: =+H82+H83+H84 -> 0 | I81: =+I82+I83+I84 -> 0 | J81: =+J82+J83+J84 -> 0 | ... N81: =+N82+N83+N84 -> 0 | P81: =+P82+P83+P84 -> 0
A82: Electricité | P82: =+SUM(C82:N82) -> 0
A83: Gaz | P83: =+SUM(C83:N83) -> 0
A84: Eau | P84: =+SUM(C84:N84) -> 0
A85: Publicité | P85: =+SUM(C85:N85) -> 0
A86: Frais de déplacement | P86: =+SUM(C86:N86) -> 0
A87: Fournitures et Services Administratifs | P87: =+SUM(C87:N87) -> 0
A88: Télécom / Affranchissement | P88: =+SUM(C88:N88) -> 0
A89: Frais de Banque | P89: =+SUM(C89:N89) -> 0
A90: Commissions commerciales | P90: =+SUM(C90:N90) -> 0
A91: Honoraires | P91: =+SUM(C91:N91) -> 0
A92: Assurances | P92: =+SUM(C92:N92) -> 0
A93: CET (taxe pro) | P93: =+SUM(C93:N93) -> 0
A94: Autres Charges et Produits Exploitation | P94: =+SUM(C94:N94) -> 0
A95: Total Autres Frais | C95: =+C82+C83+C84+C85+C86+C87+C88+C89+C90+C91+C92+C93+C94+C75+C76+C77+C78+C79+C80+C72+C73+C66+C67+C68+C69+C70+C62+C63+C64 -> 0 | D95: =+D82+D83+D84+D85+D86+D87+D88+D89+D90+D91+D92+D93+D94+D75+D76+D77+D78+D79+D80+D72+D73+D66+D67+D68+D69+D70+D62+D63+D64 -> 0 | E95: =+E82+E83+E84+E85+E86+E87+E88+E89+E90+E91+E92+E93+E94+E75+E76+E77+E78+E79+E80+E72+E73+E66+E67+E68+E69+E70+E62+E63+E64 -> 0 | F95: =+F82+F83+F84+F85+F86+F87+F88+F89+F90+F91+F92+F93+F94+F75+F76+F77+F78+F79+F80+F72+F73+F66+F67+F68+F69+F70+F62+F63+F64 -> 0 | G95: =+G82+G83+G84+G85+G86+G87+G88+G89+G90+G91+G92+G93+G94+G75+G76+G77+G78+G79+G80+G72+G73+G66+G67+G68+G69+G70+G62+G63+G64 -> 0 | H95: =+H82+H83+H84+H85+H86+H87+H88+H89+H90+H91+H92+H93+H94+H75+H76+H77+H78+H79+H80+H72+H73+H66+H67+H68+H69+H70+H62+H63+H64 -> 0 | I95: =+I82+I83+I84+I85+I86+I87+I88+I89+I90+I91+I92+I93+I94+I75+I76+I77+I78+I79+I80+I72+I73+I66+I67+I68+I69+I70+I62+I63+I64 -> 0 | J95: =+J82+J83+J84+J85+J86+J87+J88+J89+J90+J91+J92+J93+J94+J75+J76+J77+J78+J79+J80+J72+J73+J66+J67+J68+J69+J70+J62+J63+J64 -> 0 | ... N95: =+N82+N83+N84+N85+N86+N87+N88+N89+N90+N91+N92+N93+N94+N75+N76+N77+N78+N79+N80+N72+N73+N66+N67+N68+N69+N70+N62+N63+N64 -> 0 | P95: =+P82+P83+P84+P85+P86+P87+P88+P89+P90+P91+P92+P93+P94+P75+P76+P77+P78+P79+P80+P72+P73+P66+P67+P68+P69+P70+P62+P63+P64 -> 0
A97: Amortissements | P97: =+SUM(C97:N97) -> 0
A98: Loyers | P98: =+SUM(C98:N98) -> 0
A99: Résultat Brut Explotation (RBE) | C99: =+C27-C95+C97+C98+C58+C31 -> 0 | D99: =+D27-D95+D97+D98+D58+D31 -> 0 | E99: =+E27-E95+E97+E98+E58+E31 -> 0 | F99: =+F27-F95+F97+F98+F58+F31 -> 0 | G99: =+G27-G95+G97+G98+G58+G31 -> 0 | H99: =+H27-H95+H97+H98+H58+H31 -> 0 | I99: =+I27-I95+I97+I98+I58+I31 -> 0 | J99: =+J27-J95+J97+J98+J58+J31 -> 0 | ... N99: =+N27-N95+N97+N98+N58+N31 -> 0 | P99: =+P27-P95+P97+P98+P58+P31 -> 0
A102: CH LOUEES
A103: EFFECTIF HEBERGEMENT / # LOUEES | C103: =+C13/C6 -> 3 | D103: =+D13/D6 -> 3 | E103: =+E13/E6 -> 3 | F103: =+F13/F6 -> 3 | G103: =+G13/G6 -> 3 | H103: =+H13/H6 -> 3 | I103: =+I13/I6 -> 3 | J103: =+J13/J6 -> 3 | ... N103: =+N13/N6 -> 3 | P103: =+P13/P6 -> 3
A104: COUT BLANCHISSERIE / # LOUEES | C104: =+C61/C6 -> 0 | D104: =+D61/D6 -> 0 | E104: =+E61/E6 -> 0 | F104: =+F61/F6 -> 0 | G104: =+G61/G6 -> 0 | H104: =+H61/H6 -> 0 | I104: =+I61/I6 -> 0 | J104: =+J61/J6 -> 0 | ... N104: =+N61/N6 -> 0 | P104: =+P61/P6 -> 0
A105: PRIME COST REST | C105: =+((C38+C43+C48+C53)+C29)/C25 -> #DIV/0! | D105: =+((D38+D43+D48+D53)+D29)/D25 -> #DIV/0! | E105: =+((E38+E43+E48+E53)+E29)/E25 -> #DIV/0! | F105: =+((F38+F43+F48+F53)+F29)/F25 -> #DIV/0! | G105: =+((G38+G43+G48+G53)+G29)/G25 -> #DIV/0! | H105: =+((H38+H43+H48+H53)+H29)/H25 -> #DIV/0! | I105: =+((I38+I43+I48+I53)+I29)/I25 -> #DIV/0! | J105: =+((J38+J43+J48+J53)+J29)/J25 -> #DIV/0! | ... N105: =+((N38+N43+N48+N53)+N29)/N25 -> #DIV/0! | P105: =+((P38+P43+P48+P53)+P29)/P25 -> #DIV/0!
A106: REVPAR | C106: =+(C27/C6)*C7 -> 0 | D106: =+D99/D6 -> 0 | E106: =+E99/E6 -> 0 | F106: =+F99/F6 -> 0 | G106: =+G99/G6 -> 0 | H106: =+H99/H6 -> 0 | I106: =+I99/I6 -> 0 | J106: =+J99/J6 -> 0 | K106: =+K99/K6 -> 0 | ... N106: =+N99/N6 -> 0 | P106: =+P99/P6 -> 0
A107: RBE EN %/CA | C107: =+C99/C27 -> #DIV/0! | D107: =+D99/D27 -> #DIV/0! | E107: =+E99/E27 -> #DIV/0! | F107: =+F99/F27 -> #DIV/0! | G107: =+G99/G27 -> #DIV/0! | H107: =+H99/H27 -> #DIV/0! | I107: =+I99/I27 -> #DIV/0! | J107: =+J99/J27 -> #DIV/0! | ... N107: =+N99/N27 -> #DIV/0! | P107: =+P99/P27 -> #DIV/0!
A108: ENERGIE / # LOUEES | C108: =+C81/C6 -> 0 | D108: =+D81/D6 -> 0 | E108: =+E81/E6 -> 0 | F108: =+F81/F6 -> 0 | G108: =+G81/G6 -> 0 | H108: =+H81/H6 -> 0 | I108: =+I81/I6 -> 0 | J108: =+J81/J6 -> 0 | ... N108: =+N81/N6 -> 0 | P108: =+P81/P6 -> 0
...

Sheet N-1
A1: 2013
C2: Nom :
A3: MENSUEL | C3: N-1 | D3: N-1 | E3: N-1 | F3: N-1 | G3: N-1 | H3: N-1 | I3: N-1 | J3: N-1 | K3: N-1 | L3: N-1 | M3: N-1 | N3: N-1 | P3: TOTAL
A4: Hôtel
A5: Réservations | C5: 1 | D5: 2 | E5: 3 | F5: 4 | G5: 5 | H5: 6 | I5: 7 | J5: 8 | K5: 9 | L5: 10 | M5: 11 | N5: 12 | P5: =+SUM(C5:N5) -> 78
A6: Nombre de chambres louées | C6: 2 | D6: 2 | P6: =+SUM(C6:N6) -> 4
A7: Taux occupation | C7: 0.03 | D7: 1.03
A8: Prix moyen hébergement | C8: 4 | D8: 4
B10: Effectif Héberg Fixes | C10: 5 | D10: 5 | P10: =+SUM(C10:N10) -> 10
B11: Effectif Héberg Saisonniers | C11: 6 | D11: 6 | P11: =+SUM(C11:N11) -> 12
B12: Effectif Héberg Intérim | C12: 7 | D12: 7 | P12: =+SUM(C12:N12) -> 14
A13: Effectif Hébergement | C13: =+C10+C11+C12 -> 18 | D13: =+D10+D11+D12 -> 18 | E13: =+E10+E11+E12 -> 0 | F13: =+F10+F11+F12 -> 0 | G13: =+G10+G11+G12 -> 0 | H13: =+H10+H11+H12 -> 0 | I13: =+I10+I11+I12 -> 0 | J13: =+J10+J11+J12 -> 0 | ... N13: =+N10+N11+N12 -> 0 | P13: =+SUM(C13:N13) -> 36
A14: Couverts Restaurant & Banquet | P14: =+SUM(C14:N14) -> 0
A15: Couverts PDJ | P15: =+SUM(C15:N15) -> 0
A16: Prix moyen Restaurant & Banquet
A17: Prix moyen PDJ
B18: Effectif Rest Fixes | P18: =+SUM(C18:N18) -> 0
B19: Effectif Rest Saisonniers | P19: =+SUM(C19:N19) -> 0
B20: Effectif Héberg Intérim | P20: =+SUM(C20:N20) -> 0
A21: Effectif Restauration | C21: =+C20+C19+C18 -> 0 | D21: =+D20+D19+D18 -> 0 | E21: =+E20+E19+E18 -> 0 | F21: =+F20+F19+F18 -> 0 | G21: =+G20+G19+G18 -> 0 | H21: =+H20+H19+H18 -> 0 | I21: =+I20+I19+I18 -> 0 | J21: =+J20+J19+J18 -> 0 | ... N21: =+N20+N19+N18 -> 0 | P21: =+SUM(C21:N21) -> 0
A22: Effectif Divers | P22: =+SUM(C22:N22) -> 0
A24: Chiffre d'affaires Hébergement HT | P24: =+SUM(C24:N24) -> 0
A25: Chiffre d'affaires Restauration HT | P25: =+SUM(C25:N25) -> 0
A26: Chiffre d'affaires Divers HT | P26: =+SUM(C26:N26) -> 0
A27: Total Chiffre d'affaires HT | C27: =+C24+C25+C26 -> 0 | D27: =+D24+D25+D26 -> 0 | E27: =+E24+E25+E26 -> 0 | F27: =+F24+F25+F26 -> 0 | G27: =+G24+G25+G26 -> 0 | H27: =+H24+H25+H26 -> 0 | I27: =+I24+I25+I26 -> 0 | J27: =+J24+J25+J26 -> 0 | ... N27: =+N24+N25+N26 -> 0 | P27: =+SUM(C27:N27) -> 0
A29: Couts Marchandises Restauration | P29: 0
A30: Couts Marchandises divers (boutique HDL)
A31: Total M/ses Consommées | C31: =+C30+C29 -> 0 | D31: =+D30+D29 -> 0 | E31: =+E30+E29 -> 0 | F31: =+F30+F29 -> 0 | G31: =+G30+G29 -> 0 | H31: =+H30+H29 -> 0 | I31: =+I30+I29 -> 0 | J31: =+J30+J29 -> 0 | ... N31: =+N30+N29 -> 0 | P31: =+SUM(C31:N31) -> 0
A32: Ratio M/ses consommées restau | C32: =+C29/C25 -> #DIV/0! | D32: =+D29/D25 -> #DIV/0! | E32: =+E29/E25 -> #DIV/0! | F32: =+F29/F25 -> #DIV/0! | G32: =+G29/G25 -> #DIV/0! | H32: =+H29/H25 -> #DIV/0! | I32: =+I29/I25 -> #DIV/0! | J32: =+J29/J25 -> #DIV/0! | ... N32: =+N29/N25 -> #DIV/0! | P32: =+P29/P25 -> #DIV/0!
A33: Marge Brute | C33: =+C27-C31 -> 0 | D33: =+D27-D31 -> 0 | E33: =+E27-E31 -> 0 | F33: =+F27-F31 -> 0 | G33: =+G27-G31 -> 0 | H33: =+H27-H31 -> 0 | I33: =+I27-I31 -> 0 | J33: =+J27-J31 -> 0 | ... N33: =+N27-N31 -> 0 | P33: =+SUM(C33:N33) -> 0
A35: Intérim | C35: =+C36+C37+C38+C39 -> 0 | D35: =+D36+D37+D38+D39 -> 0 | E35: =+E36+E37+E38+E39 -> 0 | F35: =+F36+F37+F38+F39 -> 0 | G35: =+G36+G37+G38+G39 -> 0 | H35: =+H36+H37+H38+H39 -> 0 | I35: =+I36+I37+I38+I39 -> 0 | J35: =+J36+J37+J38+J39 -> 0 | ... N35: =+N36+N37+N38+N39 -> 0 | P35: =+P36+P37+P38+P39 -> 0
B36: Intérim Réception | P36: =+SUM(C36:N36) -> 0
B37: Intérim Hébergement | P37: =+SUM(C37:N37) -> 0
B38: Intérim Restauration | P38: =+SUM(C38:N38) -> 0
B39: Intérim Admin Comm | P39: =+SUM(C39:N39) -> 0
A40: Salaires bruts | C40: =+SUM(C41:C44) -> 0 | D40: =+SUM(D41:D44) -> 0 | E40: =+SUM(E41:E44) -> 0 | F40: =+SUM(F41:F44) -> 0 | G40: =+SUM(G41:G44) -> 0 | H40: =+SUM(H41:H44) -> 0 | I40: =+SUM(I41:I44) -> 0 | J40: =+SUM(J41:J44) -> 0 | ... N40: =+SUM(N41:N44) -> 0 | P40: =+SUM(P41:P44) -> 0
B41: SB Réception | P41: =+SUM(C41:N41) -> 0
B42: SB Hébergement | P42: =+SUM(C42:N42) -> 0
B43: SB Restauration | P43: =+SUM(C43:N43) -> 0
B44: SB Admin Comm | P44: =+SUM(C44:N44) -> 0
A45: Charges Sociales | C45: =+C46+C47+C48+C49 -> 0 | D45: =+D46+D47+D48+D49 -> 0 | E45: =+E46+E47+E48+E49 -> 0 | F45: =+F46+F47+F48+F49 -> 0 | G45: =+G46+G47+G48+G49 -> 0 | H45: =+H46+H47+H48+H49 -> 0 | I45: =+I46+I47+I48+I49 -> 0 | J45: =+J46+J47+J48+J49 -> 0 | ... N45: =+N46+N47+N48+N49 -> 0 | P45: =+P46+P47+P48+P49 -> 0
B46: CS Réception | P46: =+SUM(C46:N46) -> 0
B47: CS Hébergement | P47: =+SUM(C47:N47) -> 0
B48: CS Restauration | P48: =+SUM(C48:N48) -> 0
B49: CS Admin Comm | P49: =+SUM(C49:N49) -> 0
A50: Rémunération variable | C50: =+C51+C52+C53+C54 -> 0 | D50: =+D51+D52+D53+D54 -> 0 | E50: =+E51+E52+E53+E54 -> 0 | F50: =+F51+F52+F53+F54 -> 0 | G50: =+G51+G52+G53+G54 -> 0 | H50: =+H51+H52+H53+H54 -> 0 | I50: =+I51+I52+I53+I54 -> 0 | J50: =+J51+J52+J53+J54 -> 0 | ... N50: =+N51+N52+N53+N54 -> 0 | P50: =+P51+P52+P53+P54 -> 0
B51: RV Réception | P51: =+SUM(C51:N51) -> 0
B52: RV Hébergement | P52: =+SUM(C52:N52) -> 0
B53: RV Restauration | P53: =+SUM(C53:N53) -> 0
B54: CS Admin Comm | P54: =+SUM(C54:N54) -> 0
A55: Cout formation | P55: =+SUM(C55:N55) -> 0
A56: Autres frais de personnel | P56: =+SUM(C56:N56) -> 0
A57: Impôts et taxes sur salaires | P57: =+SUM(C57:N57) -> 0
A58: Total Ressources Opérationnelles | C58: =+C35+C40+C45+C50+C55+C56+C57 -> 0 | D58: =+D35+D40+D45+D50+D55+D56+D57 -> 0 | E58: =+E35+E40+E45+E50+E55+E56+E57 -> 0 | F58: =+F35+F40+F45+F50+F55+F56+F57 -> 0 | G58: =+G35+G40+G45+G50+G55+G56+G57 -> 0 | H58: =+H35+H40+H45+H50+H55+H56+H57 -> 0 | I58: =+I35+I40+I45+I50+I55+I56+I57 -> 0 | J58: =+J35+J40+J45+J50+J55+J56+J57 -> 0 | ... N58: =+N35+N40+N45+N50+N55+N56+N57 -> 0 | P58: =+P35+P40+P45+P50+P55+P56+P57 -> 0
A60: Produits accueil et entretien | C60: =+C61+C64 -> 0 | D60: =+D61+D64 -> 0 | E60: =+E61+E64 -> 0 | F60: =+F61+F64 -> 0 | G60: =+G61+G64 -> 0 | H60: =+H61+H64 -> 0 | I60: =+I61+I64 -> 0 | J60: =+J61+J64 -> 0 | ... N60: =+N61+N64 -> 0 | P60: =+P61+P64 -> 0
A61: Blanchisserie | C61: =+C62+C63 -> 0 | D61: =+D62+D63 -> 0 | E61: =+E62+E63 -> 0 | F61: =+F62+F63 -> 0 | G61: =+G62+G63 -> 0 | H61: =+H62+H63 -> 0 | I61: =+I62+I63 -> 0 | J61: =+J62+J63 -> 0 | ... N61: =+N62+N63 -> 0 | P61: =+P62+P63 -> 0
B62: Hébergement | P62: =+SUM(C62:N62) -> 0
B63: Restauration | P63: =+SUM(C63:N63) -> 0
A64: Pdts accueil et entretien Hebergement | P64: =+SUM(C64:N64) -> 0
A65: Matériel et Fournitures Exploitation | C65: =+C66+C67+C68 -> 0 | D65: =+D66+D67+D68 -> 0 | E65: =+E66+E67+E68 -> 0 | F65: =+F66+F67+F68 -> 0 | G65: =+G66+G67+G68 -> 0 | H65: =+H66+H67+H68 -> 0 | I65: =+I66+I67+I68 -> 0 | J65: =+J66+J67+J68 -> 0 | ... N65: =+N66+N67+N68 -> 0 | P65: =+P66+P67+P68 -> 0
A66: [Petit matériel et Fournitures Exploi | P66: =+SUM(C66:N66) -> 0
A67: [Vaisselles et Ustensiles | P67: =+SUM(C67:N67) -> 0
A68: [Linge | P68: =+SUM(C68:N68) -> 0
A69: Uniformes | P69: =+SUM(C69:N69) -> 0
A70: Informatique | P70: =+SUM(C70:N70) -> 0
A71: Décoration/Animation | C71: =+C72+C73 -> 0 | D71: =+D72+D73 -> 0 | E71: =+E72+E73 -> 0 | F71: =+F72+F73 -> 0 | G71: =+G72+G73 -> 0 | H71: =+H72+H73 -> 0 | I71: =+I72+I73 -> 0 | J71: =+J72+J73 -> 0 | ... N71: =+N72+N73 -> 0 | P71: =+P72+P73 -> 0
A72: [Fleurs/plantes | P72: =+SUM(C72:N72) -> 0
A73: [Contrat décoration - espace vert | P73: =+SUM(C73:N73) -> 0
A74: Télévision et Technologie | C74: =+C75+C76 -> 0 | D74: =+D75+D76 -> 0 | E74: =+E75+E76 -> 0 | F74: =+F75+F76 -> 0 | G74: =+G75+G76 -> 0 | H74: =+H75+H76 -> 0 | I74: =+I75+I76 -> 0 | J74: =+J75+J76 -> 0 | ... N74: =+N75+N76 -> 0 | P74: =+P75+P76 -> 0
A75: [Abonnement CANAL + | P75: =+SUM(C75:N75) -> 0
A76: [Taxe Audiovisuelle / SACEM | P76: =+SUM(C76:N76) -> 0
A77: Location Matériel et Mobilier | P77: =+SUM(C77:N77) -> 0
A78: Matériel Technique et outillages | P78: =+SUM(C78:N78) -> 0
A79: Entretien Mobilier et immobilier | P79: =+SUM(C79:N79) -> 0
A80: Contrat entretien COFELY | P80: =+SUM(C80:N80) -> 0
A81: TOTAL ENERGIES | C81: =+C82+C83+C84 -> 0 | D81: =+D82+D83+D84 -> 0 | E81: =+E82+E83+E84 -> 0 | F81: =+F82+F83+F84 -> 0 | G81: =+G82+G83+G84 -> 0 | H81: =+H82+H83+H84 -> 0 | I81: =+I82+I83+I84 -> 0 | J81: =+J82+J83+J84 -> 0 | ... N81: =+N82+N83+N84 -> 0 | P81: =+P82+P83+P84 -> 0
A82: Electricité | P82: =+SUM(C82:N82) -> 0
A83: Gaz | P83: =+SUM(C83:N83) -> 0
A84: Eau | P84: =+SUM(C84:N84) -> 0
A85: Publicité | P85: =+SUM(C85:N85) -> 0
A86: Frais de déplacement | P86: =+SUM(C86:N86) -> 0
A87: Fournitures et Services Administratifs | P87: =+SUM(C87:N87) -> 0
A88: Télécom / Affranchissement | P88: =+SUM(C88:N88) -> 0
A89: Frais de Banque | P89: =+SUM(C89:N89) -> 0
A90: Commissions commerciales | P90: =+SUM(C90:N90) -> 0
A91: Honoraires | P91: =+SUM(C91:N91) -> 0
A92: Assurances | P92: =+SUM(C92:N92) -> 0
A93: CET (taxe pro) | P93: =+SUM(C93:N93) -> 0
A94: Autres Charges et Produits Exploitation | P94: =+SUM(C94:N94) -> 0
A95: Total Autres Frais | C95: =+C82+C83+C84+C85+C86+C87+C88+C89+C90+C91+C92+C93+C94+C75+C76+C77+C78+C79+C80+C72+C73+C66+C67+C68+C69+C70+C62+C63+C64 -> 0 | D95: =+D82+D83+D84+D85+D86+D87+D88+D89+D90+D91+D92+D93+D94+D75+D76+D77+D78+D79+D80+D72+D73+D66+D67+D68+D69+D70+D62+D63+D64 -> 0 | E95: =+E82+E83+E84+E85+E86+E87+E88+E89+E90+E91+E92+E93+E94+E75+E76+E77+E78+E79+E80+E72+E73+E66+E67+E68+E69+E70+E62+E63+E64 -> 0 | F95: =+F82+F83+F84+F85+F86+F87+F88+F89+F90+F91+F92+F93+F94+F75+F76+F77+F78+F79+F80+F72+F73+F66+F67+F68+F69+F70+F62+F63+F64 -> 0 | G95: =+G82+G83+G84+G85+G86+G87+G88+G89+G90+G91+G92+G93+G94+G75+G76+G77+G78+G79+G80+G72+G73+G66+G67+G68+G69+G70+G62+G63+G64 -> 0 | H95: =+H82+H83+H84+H85+H86+H87+H88+H89+H90+H91+H92+H93+H94+H75+H76+H77+H78+H79+H80+H72+H73+H66+H67+H68+H69+H70+H62+H63+H64 -> 0 | I95: =+I82+I83+I84+I85+I86+I87+I88+I89+I90+I91+I92+I93+I94+I75+I76+I77+I78+I79+I80+I72+I73+I66+I67+I68+I69+I70+I62+I63+I64 -> 0 | J95: =+J82+J83+J84+J85+J86+J87+J88+J89+J90+J91+J92+J93+J94+J75+J76+J77+J78+J79+J80+J72+J73+J66+J67+J68+J69+J70+J62+J63+J64 -> 0 | ... N95: =+N82+N83+N84+N85+N86+N87+N88+N89+N90+N91+N92+N93+N94+N75+N76+N77+N78+N79+N80+N72+N73+N66+N67+N68+N69+N70+N62+N63+N64 -> 0 | P95: =+P82+P83+P84+P85+P86+P87+P88+P89+P90+P91+P92+P93+P94+P75+P76+P77+P78+P79+P80+P72+P73+P66+P67+P68+P69+P70+P62+P63+P64 -> 0
A97: Amortissements | P97: =+SUM(C97:N97) -> 0
A98: Loyers | P98: =+SUM(C98:N98) -> 0
A99: Résultat Brut Explotation (RBE) | C99: =+C27-C95+C97+C98+C58+C31 -> 0 | D99: =+D27-D95+D97+D98+D58+D31 -> 0 | E99: =+E27-E95+E97+E98+E58+E31 -> 0 | F99: =+F27-F95+F97+F98+F58+F31 -> 0 | G99: =+G27-G95+G97+G98+G58+G31 -> 0 | H99: =+H27-H95+H97+H98+H58+H31 -> 0 | I99: =+I27-I95+I97+I98+I58+I31 -> 0 | J99: =+J27-J95+J97+J98+J58+J31 -> 0 | ... N99: =+N27-N95+N97+N98+N58+N31 -> 0 | P99: =+P27-P95+P97+P98+P58+P31 -> 0
A102: CH LOUEES
A103: EFFECTIF HEBERGEMENT / # LOUEES | C103: =+C13/C6 -> 9 | D103: =+D13/D6 -> 9 | E103: =+E13/E6 -> #DIV/0! | F103: =+F13/F6 -> #DIV/0! | G103: =+G13/G6 -> #DIV/0! | H103: =+H13/H6 -> #DIV/0! | I103: =+I13/I6 -> #DIV/0! | J103: =+J13/J6 -> #DIV/0! | ... N103: =+N13/N6 -> #DIV/0! | P103: =+P13/P6 -> 9
A104: COUT BLANCHISSERIE / # LOUEES | C104: =+C61/C6 -> 0 | D104: =+D61/D6 -> 0 | E104: =+E61/E6 -> #DIV/0! | F104: =+F61/F6 -> #DIV/0! | G104: =+G61/G6 -> #DIV/0! | H104: =+H61/H6 -> #DIV/0! | I104: =+I61/I6 -> #DIV/0! | J104: =+J61/J6 -> #DIV/0! | ... N104: =+N61/N6 -> #DIV/0! | P104: =+P61/P6 -> 0
A105: PRIME COST REST | C105: =+((C38+C43+C48+C53)+C29)/C25 -> #DIV/0! | D105: =+((D38+D43+D48+D53)+D29)/D25 -> #DIV/0! | E105: =+((E38+E43+E48+E53)+E29)/E25 -> #DIV/0! | F105: =+((F38+F43+F48+F53)+F29)/F25 -> #DIV/0! | G105: =+((G38+G43+G48+G53)+G29)/G25 -> #DIV/0! | H105: =+((H38+H43+H48+H53)+H29)/H25 -> #DIV/0! | I105: =+((I38+I43+I48+I53)+I29)/I25 -> #DIV/0! | J105: =+((J38+J43+J48+J53)+J29)/J25 -> #DIV/0! | ... N105: =+((N38+N43+N48+N53)+N29)/N25 -> #DIV/0! | P105: =+((P38+P43+P48+P53)+P29)/P25 -> #DIV/0!
A106: REVPAR | C106: =+(C27/C6)*C7 -> 0 | D106: =+D99/D6 -> 0 | E106: =+E99/E6 -> #DIV/0! | F106: =+F99/F6 -> #DIV/0! | G106: =+G99/G6 -> #DIV/0! | H106: =+H99/H6 -> #DIV/0! | I106: =+I99/I6 -> #DIV/0! | J106: =+J99/J6 -> #DIV/0! | K106: =+K99/K6 -> #DIV/0! | ... N106: =+N99/N6 -> #DIV/0! | P106: =+P99/P6 -> 0
A107: RBE EN %/CA | C107: =+C99/C27 -> #DIV/0! | D107: =+D99/D27 -> #DIV/0! | E107: =+E99/E27 -> #DIV/0! | F107: =+F99/F27 -> #DIV/0! | G107: =+G99/G27 -> #DIV/0! | H107: =+H99/H27 -> #DIV/0! | I107: =+I99/I27 -> #DIV/0! | J107: =+J99/J27 -> #DIV/0! | ... N107: =+N99/N27 -> #DIV/0! | P107: =+P99/P27 -> #DIV/0!
A108: ENERGIE / # LOUEES | C108: =+C81/C6 -> 0 | D108: =+D81/D6 -> 0 | E108: =+E81/E6 -> #DIV/0! | F108: =+F81/F6 -> #DIV/0! | G108: =+G81/G6 -> #DIV/0! | H108: =+H81/H6 -> #DIV/0! | I108: =+I81/I6 -> #DIV/0! | J108: =+J81/J6 -> #DIV/0! | ... N108: =+N81/N6 -> #DIV/0! | P108: =+P81/P6 -> 0
...

Sheet BUDGET
A1: 2015
C2: Nom :
A3: MENSUEL | C3: 42005 | D3: 42036 | E3: 42064 | F3: 42095 | G3: 42125 | H3: 42156 | I3: 42186 | J3: 42217 | K3: 42248 | L3: 42278 | M3: 42309 | N3: 42339 | P3: TOTAL
A4: Hôtel
A5: Réservations
A6: Nombre de chambres louées | P6: =+SUM(C6:N6) -> 0
A7: Taux occupation
A8: Prix moyen hébergement
B10: Effectif Héberg Fixes | P10: =+SUM(C10:N10) -> 0
B11: Effectif Héberg Saisonniers | P11: =+SUM(C11:N11) -> 0
B12: Effectif Héberg Intérim | P12: =+SUM(C12:N12) -> 0
A13: Effectif Hébergement | C13: =+C10+C11+C12 -> 0 | D13: =+D10+D11+D12 -> 0 | E13: =+E10+E11+E12 -> 0 | F13: =+F10+F11+F12 -> 0 | G13: =+G10+G11+G12 -> 0 | H13: =+H10+H11+H12 -> 0 | I13: =+I10+I11+I12 -> 0 | J13: =+J10+J11+J12 -> 0 | ... N13: =+N10+N11+N12 -> 0 | P13: =+SUM(C13:N13) -> 0
A14: Couverts Restaurant & Banquet | P14: =+SUM(C14:N14) -> 0
A15: Couverts PDJ | P15: =+SUM(C15:N15) -> 0
A16: Prix moyen Restaurant & Banquet
A17: Prix moyen PDJ
B18: Effectif Rest Fixes | P18: =+SUM(C18:N18) -> 0
B19: Effectif Rest Saisonniers | P19: =+SUM(C19:N19) -> 0
B20: Effectif Héberg Intérim | P20: =+SUM(C20:N20) -> 0
A21: Effectif Restauration | C21: =+C20+C19+C18 -> 0 | D21: =+D20+D19+D18 -> 0 | E21: =+E20+E19+E18 -> 0 | F21: =+F20+F19+F18 -> 0 | G21: =+G20+G19+G18 -> 0 | H21: =+H20+H19+H18 -> 0 | I21: =+I20+I19+I18 -> 0 | J21: =+J20+J19+J18 -> 0 | ... N21: =+N20+N19+N18 -> 0 | P21: =+SUM(C21:N21) -> 0
A22: Effectif Divers | P22: =+SUM(C22:N22) -> 0
A24: Chiffre d'affaires Hébergement HT | P24: =+SUM(C24:N24) -> 0
A25: Chiffre d'affaires Restauration HT | P25: =+SUM(C25:N25) -> 0
A26: Chiffre d'affaires Divers HT | P26: =+SUM(C26:N26) -> 0
A27: Total Chiffre d'affaires HT | C27: =+C24+C25+C26 -> 0 | D27: =+D24+D25+D26 -> 0 | E27: =+E24+E25+E26 -> 0 | F27: =+F24+F25+F26 -> 0 | G27: =+G24+G25+G26 -> 0 | H27: =+H24+H25+H26 -> 0 | I27: =+I24+I25+I26 -> 0 | J27: =+J24+J25+J26 -> 0 | ... N27: =+N24+N25+N26 -> 0 | P27: =+SUM(C27:N27) -> 0
A29: Couts Marchandises Restauration | P29: 0
A30: Couts Marchandises divers (boutique HDL)
A31: Total M/ses Consommées | C31: =+C30+C29 -> 0 | D31: =+D30+D29 -> 0 | E31: =+E30+E29 -> 0 | F31: =+F30+F29 -> 0 | G31: =+G30+G29 -> 0 | H31: =+H30+H29 -> 0 | I31: =+I30+I29 -> 0 | J31: =+J30+J29 -> 0 | ... N31: =+N30+N29 -> 0 | P31: =+SUM(C31:N31) -> 0
A32: Ratio M/ses consommées restau | C32: =+C29/C25 -> #DIV/0! | D32: =+D29/D25 -> #DIV/0! | E32: =+E29/E25 -> #DIV/0! | F32: =+F29/F25 -> #DIV/0! | G32: =+G29/G25 -> #DIV/0! | H32: =+H29/H25 -> #DIV/0! | I32: =+I29/I25 -> #DIV/0! | J32: =+J29/J25 -> #DIV/0! | ... N32: =+N29/N25 -> #DIV/0! | P32: =+P29/P25 -> #DIV/0!
A33: Marge Brute | C33: =+C27-C31 -> 0 | D33: =+D27-D31 -> 0 | E33: =+E27-E31 -> 0 | F33: =+F27-F31 -> 0 | G33: =+G27-G31 -> 0 | H33: =+H27-H31 -> 0 | I33: =+I27-I31 -> 0 | J33: =+J27-J31 -> 0 | ... N33: =+N27-N31 -> 0 | P33: =+SUM(C33:N33) -> 0
A35: Intérim | C35: =+C36+C37+C38+C39 -> 0 | D35: =+D36+D37+D38+D39 -> 0 | E35: =+E36+E37+E38+E39 -> 0 | F35: =+F36+F37+F38+F39 -> 0 | G35: =+G36+G37+G38+G39 -> 0 | H35: =+H36+H37+H38+H39 -> 0 | I35: =+I36+I37+I38+I39 -> 0 | J35: =+J36+J37+J38+J39 -> 0 | ... N35: =+N36+N37+N38+N39 -> 0 | P35: =+P36+P37+P38+P39 -> 0
B36: Intérim Réception | P36: =+SUM(C36:N36) -> 0
B37: Intérim Hébergement | P37: =+SUM(C37:N37) -> 0
B38: Intérim Restauration | P38: =+SUM(C38:N38) -> 0
B39: Intérim Admin Comm | P39: =+SUM(C39:N39) -> 0
A40: Salaires bruts | C40: =+SUM(C41:C44) -> 0 | D40: =+SUM(D41:D44) -> 0 | E40: =+SUM(E41:E44) -> 0 | F40: =+SUM(F41:F44) -> 0 | G40: =+SUM(G41:G44) -> 0 | H40: =+SUM(H41:H44) -> 0 | I40: =+SUM(I41:I44) -> 0 | J40: =+SUM(J41:J44) -> 0 | ... N40: =+SUM(N41:N44) -> 0 | P40: =+SUM(P41:P44) -> 0
B41: SB Réception | P41: =+SUM(C41:N41) -> 0
B42: SB Hébergement | P42: =+SUM(C42:N42) -> 0
B43: SB Restauration | P43: =+SUM(C43:N43) -> 0
B44: SB Admin Comm | P44: =+SUM(C44:N44) -> 0
A45: Charges Sociales | C45: =+C46+C47+C48+C49 -> 0 | D45: =+D46+D47+D48+D49 -> 0 | E45: =+E46+E47+E48+E49 -> 0 | F45: =+F46+F47+F48+F49 -> 0 | G45: =+G46+G47+G48+G49 -> 0 | H45: =+H46+H47+H48+H49 -> 0 | I45: =+I46+I47+I48+I49 -> 0 | J45: =+J46+J47+J48+J49 -> 0 | ... N45: =+N46+N47+N48+N49 -> 0 | P45: =+P46+P47+P48+P49 -> 0
B46: CS Réception | P46: =+SUM(C46:N46) -> 0
B47: CS Hébergement | P47: =+SUM(C47:N47) -> 0
B48: CS Restauration | P48: =+SUM(C48:N48) -> 0
B49: CS Admin Comm | P49: =+SUM(C49:N49) -> 0
A50: Rémunération variable | C50: =+C51+C52+C53+C54 -> 0 | D50: =+D51+D52+D53+D54 -> 0 | E50: =+E51+E52+E53+E54 -> 0 | F50: =+F51+F52+F53+F54 -> 0 | G50: =+G51+G52+G53+G54 -> 0 | H50: =+H51+H52+H53+H54 -> 0 | I50: =+I51+I52+I53+I54 -> 0 | J50: =+J51+J52+J53+J54 -> 0 | ... N50: =+N51+N52+N53+N54 -> 0 | P50: =+P51+P52+P53+P54 -> 0
B51: RV Réception | P51: =+SUM(C51:N51) -> 0
B52: RV Hébergement | P52: =+SUM(C52:N52) -> 0
B53: RV Restauration | P53: =+SUM(C53:N53) -> 0
B54: CS Admin Comm | P54: =+SUM(C54:N54) -> 0
A55: Cout formation | P55: =+SUM(C55:N55) -> 0
A56: Autres frais de personnel | P56: =+SUM(C56:N56) -> 0
A57: Impôts et taxes sur salaires | P57: =+SUM(C57:N57) -> 0
A58: Total Ressources Opérationnelles | C58: =+C35+C40+C45+C50+C55+C56+C57 -> 0 | D58: =+D35+D40+D45+D50+D55+D56+D57 -> 0 | E58: =+E35+E40+E45+E50+E55+E56+E57 -> 0 | F58: =+F35+F40+F45+F50+F55+F56+F57 -> 0 | G58: =+G35+G40+G45+G50+G55+G56+G57 -> 0 | H58: =+H35+H40+H45+H50+H55+H56+H57 -> 0 | I58: =+I35+I40+I45+I50+I55+I56+I57 -> 0 | J58: =+J35+J40+J45+J50+J55+J56+J57 -> 0 | ... N58: =+N35+N40+N45+N50+N55+N56+N57 -> 0 | P58: =+P35+P40+P45+P50+P55+P56+P57 -> 0
A60: Produits accueil et entretien | C60: =+C61+C64 -> 0 | D60: =+D61+D64 -> 0 | E60: =+E61+E64 -> 0 | F60: =+F61+F64 -> 0 | G60: =+G61+G64 -> 0 | H60: =+H61+H64 -> 0 | I60: =+I61+I64 -> 0 | J60: =+J61+J64 -> 0 | ... N60: =+N61+N64 -> 0 | P60: =+P61+P64 -> 0
A61: Blanchisserie | C61: =+C62+C63 -> 0 | D61: =+D62+D63 -> 0 | E61: =+E62+E63 -> 0 | F61: =+F62+F63 -> 0 | G61: =+G62+G63 -> 0 | H61: =+H62+H63 -> 0 | I61: =+I62+I63 -> 0 | J61: =+J62+J63 -> 0 | ... N61: =+N62+N63 -> 0 | P61: =+P62+P63 -> 0
B62: Hébergement | P62: =+SUM(C62:N62) -> 0
B63: Restauration | P63: =+SUM(C63:N63) -> 0
A64: Pdts accueil et entretien Hebergement | P64: =+SUM(C64:N64) -> 0
A65: Matériel et Fournitures Exploitation | C65: =+C66+C67+C68 -> 0 | D65: =+D66+D67+D68 -> 0 | E65: =+E66+E67+E68 -> 0 | F65: =+F66+F67+F68 -> 0 | G65: =+G66+G67+G68 -> 0 | H65: =+H66+H67+H68 -> 0 | I65: =+I66+I67+I68 -> 0 | J65: =+J66+J67+J68 -> 0 | ... N65: =+N66+N67+N68 -> 0 | P65: =+P66+P67+P68 -> 0
A66: [Petit matériel et Fournitures Exploi | P66: =+SUM(C66:N66) -> 0
A67: [Vaisselles et Ustensiles | P67: =+SUM(C67:N67) -> 0
A68: [Linge | P68: =+SUM(C68:N68) -> 0
A69: Uniformes | P69: =+SUM(C69:N69) -> 0
A70: Informatique | P70: =+SUM(C70:N70) -> 0
A71: Décoration/Animation | C71: =+C72+C73 -> 0 | D71: =+D72+D73 -> 0 | E71: =+E72+E73 -> 0 | F71: =+F72+F73 -> 0 | G71: =+G72+G73 -> 0 | H71: =+H72+H73 -> 0 | I71: =+I72+I73 -> 0 | J71: =+J72+J73 -> 0 | ... N71: =+N72+N73 -> 0 | P71: =+P72+P73 -> 0
A72: [Fleurs/plantes | P72: =+SUM(C72:N72) -> 0
A73: [Contrat décoration - espace vert | P73: =+SUM(C73:N73) -> 0
A74: Télévision et Technologie | C74: =+C75+C76 -> 0 | D74: =+D75+D76 -> 0 | E74: =+E75+E76 -> 0 | F74: =+F75+F76 -> 0 | G74: =+G75+G76 -> 0 | H74: =+H75+H76 -> 0 | I74: =+I75+I76 -> 0 | J74: =+J75+J76 -> 0 | ... N74: =+N75+N76 -> 0 | P74: =+P75+P76 -> 0
A75: [Abonnement CANAL + | P75: =+SUM(C75:N75) -> 0
A76: [Taxe Audiovisuelle / SACEM | P76: =+SUM(C76:N76) -> 0
A77: Location Matériel et Mobilier | P77: =+SUM(C77:N77) -> 0
A78: Matériel Technique et outillages | P78: =+SUM(C78:N78) -> 0
A79: Entretien Mobilier et immobilier | P79: =+SUM(C79:N79) -> 0
A80: Contrat entretien COFELY | P80: =+SUM(C80:N80) -> 0
A81: TOTAL ENERGIES | C81: =+C82+C83+C84 -> 0 | D81: =+D82+D83+D84 -> 0 | E81: =+E82+E83+E84 -> 0 | F81: =+F82+F83+F84 -> 0 | G81: =+G82+G83+G84 -> 0 | H81: =+H82+H83+H84 -> 0 | I81: =+I82+I83+I84 -> 0 | J81: =+J82+J83+J84 -> 0 | ... N81: =+N82+N83+N84 -> 0 | P81: =+P82+P83+P84 -> 0
A82: Electricité | P82: =+SUM(C82:N82) -> 0
A83: Gaz | P83: =+SUM(C83:N83) -> 0
A84: Eau | P84: =+SUM(C84:N84) -> 0
A85: Publicité | P85: =+SUM(C85:N85) -> 0
A86: Frais de déplacement | P86: =+SUM(C86:N86) -> 0
A87: Fournitures et Services Administratifs | P87: =+SUM(C87:N87) -> 0
A88: Télécom / Affranchissement | P88: =+SUM(C88:N88) -> 0
A89: Frais de Banque | P89: =+SUM(C89:N89) -> 0
A90: Commissions commerciales | P90: =+SUM(C90:N90) -> 0
A91: Honoraires | P91: =+SUM(C91:N91) -> 0
A92: Assurances | P92: =+SUM(C92:N92) -> 0
A93: CET (taxe pro) | P93: =+SUM(C93:N93) -> 0
A94: Autres Charges et Produits Exploitation | P94: =+SUM(C94:N94) -> 0
A95: Total Autres Frais | C95: =+C82+C83+C84+C85+C86+C87+C88+C89+C90+C91+C92+C93+C94+C75+C76+C77+C78+C79+C80+C72+C73+C66+C67+C68+C69+C70+C62+C63+C64 -> 0 | D95: =+D82+D83+D84+D85+D86+D87+D88+D89+D90+D91+D92+D93+D94+D75+D76+D77+D78+D79+D80+D72+D73+D66+D67+D68+D69+D70+D62+D63+D64 -> 0 | E95: =+E82+E83+E84+E85+E86+E87+E88+E89+E90+E91+E92+E93+E94+E75+E76+E77+E78+E79+E80+E72+E73+E66+E67+E68+E69+E70+E62+E63+E64 -> 0 | F95: =+F82+F83+F84+F85+F86+F87+F88+F89+F90+F91+F92+F93+F94+F75+F76+F77+F78+F79+F80+F72+F73+F66+F67+F68+F69+F70+F62+F63+F64 -> 0 | G95: =+G82+G83+G84+G85+G86+G87+G88+G89+G90+G91+G92+G93+G94+G75+G76+G77+G78+G79+G80+G72+G73+G66+G67+G68+G69+G70+G62+G63+G64 -> 0 | H95: =+H82+H83+H84+H85+H86+H87+H88+H89+H90+H91+H92+H93+H94+H75+H76+H77+H78+H79+H80+H72+H73+H66+H67+H68+H69+H70+H62+H63+H64 -> 0 | I95: =+I82+I83+I84+I85+I86+I87+I88+I89+I90+I91+I92+I93+I94+I75+I76+I77+I78+I79+I80+I72+I73+I66+I67+I68+I69+I70+I62+I63+I64 -> 0 | J95: =+J82+J83+J84+J85+J86+J87+J88+J89+J90+J91+J92+J93+J94+J75+J76+J77+J78+J79+J80+J72+J73+J66+J67+J68+J69+J70+J62+J63+J64 -> 0 | ... N95: =+N82+N83+N84+N85+N86+N87+N88+N89+N90+N91+N92+N93+N94+N75+N76+N77+N78+N79+N80+N72+N73+N66+N67+N68+N69+N70+N62+N63+N64 -> 0 | P95: =+P82+P83+P84+P85+P86+P87+P88+P89+P90+P91+P92+P93+P94+P75+P76+P77+P78+P79+P80+P72+P73+P66+P67+P68+P69+P70+P62+P63+P64 -> 0
A97: Amortissements | P97: =+SUM(C97:N97) -> 0
A98: Loyers | P98: =+SUM(C98:N98) -> 0
A99: Résultat Brut Explotation (RBE) | C99: =+C27-C95+C97+C98+C58+C31 -> 0 | D99: =+D27-D95+D97+D98+D58+D31 -> 0 | E99: =+E27-E95+E97+E98+E58+E31 -> 0 | F99: =+F27-F95+F97+F98+F58+F31 -> 0 | G99: =+G27-G95+G97+G98+G58+G31 -> 0 | H99: =+H27-H95+H97+H98+H58+H31 -> 0 | I99: =+I27-I95+I97+I98+I58+I31 -> 0 | J99: =+J27-J95+J97+J98+J58+J31 -> 0 | ... N99: =+N27-N95+N97+N98+N58+N31 -> 0 | P99: =+P27-P95+P97+P98+P58+P31 -> 0
A102: CH LOUEES
A103: EFFECTIF HEBERGEMENT / # LOUEES | C103: =+C13/C6 -> #DIV/0! | D103: =+D13/D6 -> #DIV/0! | E103: =+E13/E6 -> #DIV/0! | F103: =+F13/F6 -> #DIV/0! | G103: =+G13/G6 -> #DIV/0! | H103: =+H13/H6 -> #DIV/0! | I103: =+I13/I6 -> #DIV/0! | J103: =+J13/J6 -> #DIV/0! | ... N103: =+N13/N6 -> #DIV/0! | P103: =+P13/P6 -> #DIV/0!
A104: COUT BLANCHISSERIE / # LOUEES | C104: =+C61/C6 -> #DIV/0! | D104: =+D61/D6 -> #DIV/0! | E104: =+E61/E6 -> #DIV/0! | F104: =+F61/F6 -> #DIV/0! | G104: =+G61/G6 -> #DIV/0! | H104: =+H61/H6 -> #DIV/0! | I104: =+I61/I6 -> #DIV/0! | J104: =+J61/J6 -> #DIV/0! | ... N104: =+N61/N6 -> #DIV/0! | P104: =+P61/P6 -> #DIV/0!
A105: PRIME COST REST | C105: =+((C38+C43+C48+C53)+C29)/C25 -> #DIV/0! | D105: =+((D38+D43+D48+D53)+D29)/D25 -> #DIV/0! | E105: =+((E38+E43+E48+E53)+E29)/E25 -> #DIV/0! | F105: =+((F38+F43+F48+F53)+F29)/F25 -> #DIV/0! | G105: =+((G38+G43+G48+G53)+G29)/G25 -> #DIV/0! | H105: =+((H38+H43+H48+H53)+H29)/H25 -> #DIV/0! | I105: =+((I38+I43+I48+I53)+I29)/I25 -> #DIV/0! | J105: =+((J38+J43+J48+J53)+J29)/J25 -> #DIV/0! | ... N105: =+((N38+N43+N48+N53)+N29)/N25 -> #DIV/0! | P105: =+((P38+P43+P48+P53)+P29)/P25 -> #DIV/0!
A106: REVPAR | C106: =+(C27/C6)*C7 -> #DIV/0! | D106: =+D99/D6 -> #DIV/0! | E106: =+E99/E6 -> #DIV/0! | F106: =+F99/F6 -> #DIV/0! | G106: =+G99/G6 -> #DIV/0! | H106: =+H99/H6 -> #DIV/0! | I106: =+I99/I6 -> #DIV/0! | J106: =+J99/J6 -> #DIV/0! | K106: =+K99/K6 -> #DIV/0! | ... N106: =+N99/N6 -> #DIV/0! | P106: =+P99/P6 -> #DIV/0!
A107: RBE EN %/CA | C107: =+C99/C27 -> #DIV/0! | D107: =+D99/D27 -> #DIV/0! | E107: =+E99/E27 -> #DIV/0! | F107: =+F99/F27 -> #DIV/0! | G107: =+G99/G27 -> #DIV/0! | H107: =+H99/H27 -> #DIV/0! | I107: =+I99/I27 -> #DIV/0! | J107: =+J99/J27 -> #DIV/0! | ... N107: =+N99/N27 -> #DIV/0! | P107: =+P99/P27 -> #DIV/0!
A108: ENERGIE / # LOUEES | C108: =+C81/C6 -> #DIV/0! | D108: =+D81/D6 -> #DIV/0! | E108: =+E81/E6 -> #DIV/0! | F108: =+F81/F6 -> #DIV/0! | G108: =+G81/G6 -> #DIV/0! | H108: =+H81/H6 -> #DIV/0! | I108: =+I81/I6 -> #DIV/0! | J108: =+J81/J6 -> #DIV/0! | ... N108: =+N81/N6 -> #DIV/0! | P108: =+P81/P6 -> #DIV/0!
...

Sheet Ecarts N-1
A1: 2014
A2: DATE | C2: Nom :
A3: MENSUEL | C3: 41640 | D3: N-1 | E3: Ecarts | F3: 41671 | G3: N-1 | H3: Ecarts | I3: 41699 | J3: N-1 | K3: Ecarts | L3: 41730 | M3: N-1 | N3: Ecarts | O3: 41760 | P3: N-1 | Q3: Ecarts | R3: 41791 | S3: N-1 | T3: Ecarts | U3: 41821 | V3: N-1 | W3: Ecarts | X3: 41852 | Y3: N-1 | Z3: Ecarts | AA3: 41883 | AB3: N-1 | AC3: Ecarts | AD3: 41913 | AE3: N-1 | AF3: Ecarts | AG3: 41944 | AH3: N-1 | AI3: Ecarts | AJ3: 41974 | AK3: N-1 | AL3: Ecarts | AN3: TOTAL | AO3: CUMUL N-1 | AP3: Ecarts
A4: Hôtel
A5: Réservations | C5: =+N!C5 -> 1 | D5: =+'N-1'!C5 -> 1 | E5: =+D5-C5 -> 0 | F5: =+N!D5 -> 2 | G5: =+'N-1'!D5 -> 2 | H5: =+G5-F5 -> 0 | I5: =+N!E5 -> 3 | J5: =+'N-1'!E5 -> 3 | K5: =+J5-I5 -> 0 | L5: =+N!F5 -> 4 | M5: =+'N-1'!F5 -> 4 | N5: =+M5-L5 -> 0
A6: Nombre de chambres louées | C6: =+N!C6 -> 1 | D6: =+'N-1'!C6 -> 2 | E6: =+D6-C6 -> 1 | F6: =+N!D6 -> 2 | G6: =+'N-1'!D6 -> 2 | H6: =+G6-F6 -> 0 | I6: =+N!E6 -> 3 | J6: =+'N-1'!E6 -> 0 | K6: =+J6-I6 -> -3 | L6: =+N!F6 -> 4 | M6: =+'N-1'!F6 -> 0 | N6: =+M6-L6 -> -4 | AN6: =+SUM(C6:AJ6) -> 8 | AP6: =+AO6-AN6 -> -8
A7: Taux occupation | C7: =+N!C7 -> 0.03 | D7: =+'N-1'!C7 -> 0.03 | E7: =+D7-C7 -> 0 | F7: =+N!D7 -> 1.03 | G7: =+'N-1'!D7 -> 1.03 | H7: =+G7-F7 -> 0 | I7: =+N!E7 -> 0 | J7: =+'N-1'!E7 -> 0 | K7: =+J7-I7 -> 0 | L7: =+N!F7 -> 0 | M7: =+'N-1'!F7 -> 0 | N7: =+M7-L7 -> 0 | AP7: =+AO7-AN7 -> 0
A8: Prix moyen hébergement | C8: =+N!C8 -> 1 | D8: =+'N-1'!C8 -> 4 | E8: =+D8-C8 -> 3 | F8: =+N!D8 -> 2 | G8: =+'N-1'!D8 -> 4 | H8: =+G8-F8 -> 2 | I8: =+N!E8 -> 3 | J8: =+'N-1'!E8 -> 0 | K8: =+J8-I8 -> -3 | L8: =+N!F8 -> 4 | M8: =+'N-1'!F8 -> 0 | N8: =+M8-L8 -> -4 | AP8: =+AO8-AN8 -> 0
B10: Effectif Héberg Fixes | C10: =+N!C10 -> 1 | D10: =+'N-1'!C10 -> 5 | E10: =+D10-C10 -> 4 | F10: =+N!D10 -> 2 | G10: =+'N-1'!D10 -> 5 | H10: =+G10-F10 -> 3 | I10: =+N!E10 -> 3 | J10: =+'N-1'!E10 -> 0 | K10: =+J10-I10 -> -3 | L10: =+N!F10 -> 4 | M10: =+'N-1'!F10 -> 0 | N10: =+M10-L10 -> -4 | AN10: =+SUM(C10:AJ10) -> 20 | AO10: =+#REF! -> #REF! | AP10: =+AO10-AN10 -> #REF!
B11: Effectif Héberg Saisonniers | C11: =+N!C11 -> 1 | D11: =+'N-1'!C11 -> 6 | E11: =+D11-C11 -> 5 | F11: =+N!D11 -> 2 | G11: =+'N-1'!D11 -> 6 | H11: =+G11-F11 -> 4 | I11: =+N!E11 -> 3 | J11: =+'N-1'!E11 -> 0 | K11: =+J11-I11 -> -3 | L11: =+N!F11 -> 4 | M11: =+'N-1'!F11 -> 0 | N11: =+M11-L11 -> -4 | AN11: =+SUM(C11:AJ11) -> 24 | AO11: =+#REF! -> #REF! | AP11: =+AO11-AN11 -> #REF!
B12: Effectif Héberg Intérim | C12: =+N!C12 -> 1 | D12: =+'N-1'!C12 -> 7 | E12: =+D12-C12 -> 6 | F12: =+N!D12 -> 2 | G12: =+'N-1'!D12 -> 7 | H12: =+G12-F12 -> 5 | I12: =+N!E12 -> 3 | J12: =+'N-1'!E12 -> 0 | K12: =+J12-I12 -> -3 | L12: =+N!F12 -> 4 | M12: =+'N-1'!F12 -> 0 | N12: =+M12-L12 -> -4 | AN12: =+SUM(C12:AJ12) -> 28 | AO12: =+#REF! -> #REF! | AP12: =+AO12-AN12 -> #REF!
A13: Effectif Hébergement | C13: =+C10+C11+C12 -> 3 | E13: =+D13-C13 -> -3 | F13: =+F10+F11+F12 -> 6 | H13: =+G13-F13 -> -6 | I13: =+I10+I11+I12 -> 9 | L13: =+L10+L11+L12 -> 12 | O13: =+O10+O11+O12 -> 0 | R13: =+R10+R11+R12 -> 0 | U13: =+U10+U11+U12 -> 0 | X13: =+X10+X11+X12 -> 0 | AA13: =+AA10+AA11+AA12 -> 0 | AD13: =+AD10+AD11+AD12 -> 0 | AG13: =+AG10+AG11+AG12 -> 0 | AJ13: =+AJ10+AJ11+AJ12 -> 0 | AN13: =+SUM(C13:AJ13) -> 21 | AO13: =+#REF! -> #REF! | AP13: =+AO13-AN13 -> #REF!
A14: Couverts Restaurant & Banquet | AN14: =+SUM(C14:AJ14) -> 0
A15: Couverts PDJ | AN15: =+SUM(C15:AJ15) -> 0
A16: Prix moyen Restaurant & Banquet
A17: Prix moyen PDJ
B18: Effectif Rest Fixes | AN18: =+SUM(C18:AJ18) -> 0
B19: Effectif Rest Saisonniers | AN19: =+SUM(C19:AJ19) -> 0
B20: Effectif Héberg Intérim | AN20: =+SUM(C20:AJ20) -> 0
A21: Effectif Restauration | C21: =+C20+C19+C18 -> 0 | F21: =+F20+F19+F18 -> 0 | I21: =+I20+I19+I18 -> 0 | L21: =+L20+L19+L18 -> 0 | O21: =+O20+O19+O18 -> 0 | R21: =+R20+R19+R18 -> 0 | U21: =+U20+U19+U18 -> 0 | X21: =+X20+X19+X18 -> 0 | AA21: =+AA20+AA19+AA18 -> 0 | AD21: =+AD20+AD19+AD18 -> 0 | AG21: =+AG20+AG19+AG18 -> 0 | AJ21: =+AJ20+AJ19+AJ18 -> 0 | AN21: =+SUM(C21:AJ21) -> 0
A22: Effectif Divers | AN22: =+SUM(C22:AJ22) -> 0
A24: Chiffre d'affaires Hébergement HT | AN24: =+SUM(C24:AJ24) -> 0
A25: Chiffre d'affaires Restauration HT | AN25: =+SUM(C25:AJ25) -> 0
A26: Chiffre d'affaires Divers HT | AN26: =+SUM(C26:AJ26) -> 0
A27: Total Chiffre d'affaires HT | C27: =+C24+C25+C26 -> 0 | F27: =+F24+F25+F26 -> 0 | I27: =+I24+I25+I26 -> 0 | L27: =+L24+L25+L26 -> 0 | O27: =+O24+O25+O26 -> 0 | R27: =+R24+R25+R26 -> 0 | U27: =+U24+U25+U26 -> 0 | X27: =+X24+X25+X26 -> 0 | AA27: =+AA24+AA25+AA26 -> 0 | AD27: =+AD24+AD25+AD26 -> 0 | AG27: =+AG24+AG25+AG26 -> 0 | AJ27: =+AJ24+AJ25+AJ26 -> 0 | AN27: =+SUM(C27:AJ27) -> 0
A29: Couts Marchandises Restauration | AN29: 0
A30: Couts Marchandises divers (boutique HDL)
A31: Total M/ses Consommées | C31: =+C30+C29 -> 0 | F31: =+F30+F29 -> 0 | I31: =+I30+I29 -> 0 | L31: =+L30+L29 -> 0 | O31: =+O30+O29 -> 0 | R31: =+R30+R29 -> 0 | U31: =+U30+U29 -> 0 | X31: =+X30+X29 -> 0 | AA31: =+AA30+AA29 -> 0 | AD31: =+AD30+AD29 -> 0 | AG31: =+AG30+AG29 -> 0 | AJ31: =+AJ30+AJ29 -> 0 | AN31: =+SUM(C31:AJ31) -> 0
A32: Ratio M/ses consommées restau | C32: =+C29/C25 -> #DIV/0! | F32: =+F29/F25 -> #DIV/0! | I32: =+I29/I25 -> #DIV/0! | L32: =+L29/L25 -> #DIV/0! | O32: =+O29/O25 -> #DIV/0! | R32: =+R29/R25 -> #DIV/0! | U32: =+U29/U25 -> #DIV/0! | X32: =+X29/X25 -> #DIV/0! | AA32: =+AA29/AA25 -> #DIV/0! | AD32: =+AD29/AD25 -> #DIV/0! | AG32: =+AG29/AG25 -> #DIV/0! | AJ32: =+AJ29/AJ25 -> #DIV/0! | AN32: =+AN29/AN25 -> #DIV/0!
A33: Marge Brute | C33: =+C27-C31 -> 0 | F33: =+F27-F31 -> 0 | I33: =+I27-I31 -> 0 | L33: =+L27-L31 -> 0 | O33: =+O27-O31 -> 0 | R33: =+R27-R31 -> 0 | U33: =+U27-U31 -> 0 | X33: =+X27-X31 -> 0 | AA33: =+AA27-AA31 -> 0 | AD33: =+AD27-AD31 -> 0 | AG33: =+AG27-AG31 -> 0 | AJ33: =+AJ27-AJ31 -> 0 | AN33: =+SUM(C33:AJ33) -> 0
A35: Intérim | C35: =+C36+C37+C38+C39 -> 0 | F35: =+F36+F37+F38+F39 -> 0 | I35: =+I36+I37+I38+I39 -> 0 | L35: =+L36+L37+L38+L39 -> 0 | O35: =+O36+O37+O38+O39 -> 0 | R35: =+R36+R37+R38+R39 -> 0 | U35: =+U36+U37+U38+U39 -> 0 | X35: =+X36+X37+X38+X39 -> 0 | AA35: =+AA36+AA37+AA38+AA39 -> 0 | AD35: =+AD36+AD37+AD38+AD39 -> 0 | AG35: =+AG36+AG37+AG38+AG39 -> 0 | AJ35: =+AJ36+AJ37+AJ38+AJ39 -> 0 | AN35: =+AN36+AN37+AN38+AN39 -> 0
B36: Intérim Réception | AN36: =+SUM(C36:AJ36) -> 0
B37: Intérim Hébergement | AN37: =+SUM(C37:AJ37) -> 0
B38: Intérim Restauration | AN38: =+SUM(C38:AJ38) -> 0
B39: Intérim Admin Comm | AN39: =+SUM(C39:AJ39) -> 0
A40: Salaires bruts | C40: =+SUM(C41:C44) -> 0 | F40: =+SUM(F41:F44) -> 0 | I40: =+SUM(I41:I44) -> 0 | L40: =+SUM(L41:L44) -> 0 | O40: =+SUM(O41:O44) -> 0 | R40: =+SUM(R41:R44) -> 0 | U40: =+SUM(U41:U44) -> 0 | X40: =+SUM(X41:X44) -> 0 | AA40: =+SUM(AA41:AA44) -> 0 | AD40: =+SUM(AD41:AD44) -> 0 | AG40: =+SUM(AG41:AG44) -> 0 | AJ40: =+SUM(AJ41:AJ44) -> 0 | AN40: =+SUM(AN41:AN44) -> 0
B41: SB Réception | AN41: =+SUM(C41:AJ41) -> 0
B42: SB Hébergement | AN42: =+SUM(C42:AJ42) -> 0
B43: SB Restauration | AN43: =+SUM(C43:AJ43) -> 0
B44: SB Admin Comm | AN44: =+SUM(C44:AJ44) -> 0
A45: Charges Sociales | C45: =+C46+C47+C48+C49 -> 0 | F45: =+F46+F47+F48+F49 -> 0 | I45: =+I46+I47+I48+I49 -> 0 | L45: =+L46+L47+L48+L49 -> 0 | O45: =+O46+O47+O48+O49 -> 0 | R45: =+R46+R47+R48+R49 -> 0 | U45: =+U46+U47+U48+U49 -> 0 | X45: =+X46+X47+X48+X49 -> 0 | AA45: =+AA46+AA47+AA48+AA49 -> 0 | AD45: =+AD46+AD47+AD48+AD49 -> 0 | AG45: =+AG46+AG47+AG48+AG49 -> 0 | AJ45: =+AJ46+AJ47+AJ48+AJ49 -> 0 | AN45: =+AN46+AN47+AN48+AN49 -> 0
B46: CS Réception | AN46: =+SUM(C46:AJ46) -> 0
B47: CS Hébergement | AN47: =+SUM(C47:AJ47) -> 0
B48: CS Restauration | AN48: =+SUM(C48:AJ48) -> 0
B49: CS Admin Comm | AN49: =+SUM(C49:AJ49) -> 0
A50: Rémunération variable | C50: =+C51+C52+C53+C54 -> 0 | F50: =+F51+F52+F53+F54 -> 0 | I50: =+I51+I52+I53+I54 -> 0 | L50: =+L51+L52+L53+L54 -> 0 | O50: =+O51+O52+O53+O54 -> 0 | R50: =+R51+R52+R53+R54 -> 0 | U50: =+U51+U52+U53+U54 -> 0 | X50: =+X51+X52+X53+X54 -> 0 | AA50: =+AA51+AA52+AA53+AA54 -> 0 | AD50: =+AD51+AD52+AD53+AD54 -> 0 | AG50: =+AG51+AG52+AG53+AG54 -> 0 | AJ50: =+AJ51+AJ52+AJ53+AJ54 -> 0 | AN50: =+AN51+AN52+AN53+AN54 -> 0
B51: RV Réception | AN51: =+SUM(C51:AJ51) -> 0
B52: RV Hébergement | AN52: =+SUM(C52:AJ52) -> 0
B53: RV Restauration | AN53: =+SUM(C53:AJ53) -> 0
B54: CS Admin Comm | AN54: =+SUM(C54:AJ54) -> 0
A55: Cout formation | AN55: =+SUM(C55:AJ55) -> 0
A56: Autres frais de personnel | AN56: =+SUM(C56:AJ56) -> 0
A57: Impôts et taxes sur salaires | AN57: =+SUM(C57:AJ57) -> 0
A58: Total Ressources Opérationnelles | C58: =+C35+C40+C45+C50+C55+C56+C57 -> 0 | F58: =+F35+F40+F45+F50+F55+F56+F57 -> 0 | I58: =+I35+I40+I45+I50+I55+I56+I57 -> 0 | L58: =+L35+L40+L45+L50+L55+L56+L57 -> 0 | O58: =+O35+O40+O45+O50+O55+O56+O57 -> 0 | R58: =+R35+R40+R45+R50+R55+R56+R57 -> 0 | U58: =+U35+U40+U45+U50+U55+U56+U57 -> 0 | X58: =+X35+X40+X45+X50+X55+X56+X57 -> 0 | AA58: =+AA35+AA40+AA45+AA50+AA55+AA56+AA57 -> 0 | AD58: =+AD35+AD40+AD45+AD50+AD55+AD56+AD57 -> 0 | AG58: =+AG35+AG40+AG45+AG50+AG55+AG56+AG57 -> 0 | AJ58: =+AJ35+AJ40+AJ45+AJ50+AJ55+AJ56+AJ57 -> 0 | AN58: =+AN35+AN40+AN45+AN50+AN55+AN56+AN57 -> 0
A60: Produits accueil et entretien | C60: =+C61+C64 -> 0 | F60: =+F61+F64 -> 0 | I60: =+I61+I64 -> 0 | L60: =+L61+L64 -> 0 | O60: =+O61+O64 -> 0 | R60: =+R61+R64 -> 0 | U60: =+U61+U64 -> 0 | X60: =+X61+X64 -> 0 | AA60: =+AA61+AA64 -> 0 | AD60: =+AD61+AD64 -> 0 | AG60: =+AG61+AG64 -> 0 | AJ60: =+AJ61+AJ64 -> 0 | AN60: =+AN61+AN64 -> 0
A61: Blanchisserie | C61: =+C62+C63 -> 0 | F61: =+F62+F63 -> 0 | I61: =+I62+I63 -> 0 | L61: =+L62+L63 -> 0 | O61: =+O62+O63 -> 0 | R61: =+R62+R63 -> 0 | U61: =+U62+U63 -> 0 | X61: =+X62+X63 -> 0 | AA61: =+AA62+AA63 -> 0 | AD61: =+AD62+AD63 -> 0 | AG61: =+AG62+AG63 -> 0 | AJ61: =+AJ62+AJ63 -> 0 | AN61: =+AN62+AN63 -> 0
B62: Hébergement | AN62: =+SUM(C62:AJ62) -> 0
B63: Restauration | AN63: =+SUM(C63:AJ63) -> 0
A64: Pdts accueil et entretien Hebergement | AN64: =+SUM(C64:AJ64) -> 0
A65: Matériel et Fournitures Exploitation | C65: =+C66+C67+C68 -> 0 | F65: =+F66+F67+F68 -> 0 | I65: =+I66+I67+I68 -> 0 | L65: =+L66+L67+L68 -> 0 | O65: =+O66+O67+O68 -> 0 | R65: =+R66+R67+R68 -> 0 | U65: =+U66+U67+U68 -> 0 | X65: =+X66+X67+X68 -> 0 | AA65: =+AA66+AA67+AA68 -> 0 | AD65: =+AD66+AD67+AD68 -> 0 | AG65: =+AG66+AG67+AG68 -> 0 | AJ65: =+AJ66+AJ67+AJ68 -> 0 | AN65: =+AN66+AN67+AN68 -> 0
A66: [Petit matériel et Fournitures Exploi | AN66: =+SUM(C66:AJ66) -> 0
A67: [Vaisselles et Ustensiles | AN67: =+SUM(C67:AJ67) -> 0
A68: [Linge | AN68: =+SUM(C68:AJ68) -> 0
A69: Uniformes | AN69: =+SUM(C69:AJ69) -> 0
A70: Informatique | AN70: =+SUM(C70:AJ70) -> 0
A71: Décoration/Animation | C71: =+C72+C73 -> 0 | F71: =+F72+F73 -> 0 | I71: =+I72+I73 -> 0 | L71: =+L72+L73 -> 0 | O71: =+O72+O73 -> 0 | R71: =+R72+R73 -> 0 | U71: =+U72+U73 -> 0 | X71: =+X72+X73 -> 0 | AA71: =+AA72+AA73 -> 0 | AD71: =+AD72+AD73 -> 0 | AG71: =+AG72+AG73 -> 0 | AJ71: =+AJ72+AJ73 -> 0 | AN71: =+AN72+AN73 -> 0
A72: [Fleurs/plantes | AN72: =+SUM(C72:AJ72) -> 0
A73: [Contrat décoration - espace vert | AN73: =+SUM(C73:AJ73) -> 0
A74: Télévision et Technologie | C74: =+C75+C76 -> 0 | F74: =+F75+F76 -> 0 | I74: =+I75+I76 -> 0 | L74: =+L75+L76 -> 0 | O74: =+O75+O76 -> 0 | R74: =+R75+R76 -> 0 | U74: =+U75+U76 -> 0 | X74: =+X75+X76 -> 0 | AA74: =+AA75+AA76 -> 0 | AD74: =+AD75+AD76 -> 0 | AG74: =+AG75+AG76 -> 0 | AJ74: =+AJ75+AJ76 -> 0 | AN74: =+AN75+AN76 -> 0
A75: [Abonnement CANAL + | AN75: =+SUM(C75:AJ75) -> 0
A76: [Taxe Audiovisuelle / SACEM | AN76: =+SUM(C76:AJ76) -> 0
A77: Location Matériel et Mobilier | AN77: =+SUM(C77:AJ77) -> 0
A78: Matériel Technique et outillages | AN78: =+SUM(C78:AJ78) -> 0
A79: Entretien Mobilier et immobilier | AN79: =+SUM(C79:AJ79) -> 0
A80: Contrat entretien COFELY | AN80: =+SUM(C80:AJ80) -> 0
A81: TOTAL ENERGIES | C81: =+C82+C83+C84 -> 0 | F81: =+F82+F83+F84 -> 0 | I81: =+I82+I83+I84 -> 0 | L81: =+L82+L83+L84 -> 0 | O81: =+O82+O83+O84 -> 0 | R81: =+R82+R83+R84 -> 0 | U81: =+U82+U83+U84 -> 0 | X81: =+X82+X83+X84 -> 0 | AA81: =+AA82+AA83+AA84 -> 0 | AD81: =+AD82+AD83+AD84 -> 0 | AG81: =+AG82+AG83+AG84 -> 0 | AJ81: =+AJ82+AJ83+AJ84 -> 0 | AN81: =+AN82+AN83+AN84 -> 0
A82: Electricité | AN82: =+SUM(C82:AJ82) -> 0
A83: Gaz | AN83: =+SUM(C83:AJ83) -> 0
A84: Eau | AN84: =+SUM(C84:AJ84) -> 0
A85: Publicité | AN85: =+SUM(C85:AJ85) -> 0
A86: Frais de déplacement | AN86: =+SUM(C86:AJ86) -> 0
A87: Fournitures et Services Administratifs | AN87: =+SUM(C87:AJ87) -> 0
A88: Télécom / Affranchissement | AN88: =+SUM(C88:AJ88) -> 0
A89: Frais de Banque | AN89: =+SUM(C89:AJ89) -> 0
A90: Commissions commerciales | AN90: =+SUM(C90:AJ90) -> 0
A91: Honoraires | AN91: =+SUM(C91:AJ91) -> 0
A92: Assurances | AN92: =+SUM(C92:AJ92) -> 0
A93: CET (taxe pro) | AN93: =+SUM(C93:AJ93) -> 0
A94: Autres Charges et Produits Exploitation | AN94: =+SUM(C94:AJ94) -> 0
A95: Total Autres Frais | C95: =+C82+C83+C84+C85+C86+C87+C88+C89+C90+C91+C92+C93+C94+C75+C76+C77+C78+C79+C80+C72+C73+C66+C67+C68+C69+C70+C62+C63+C64 -> 0 | F95: =+F82+F83+F84+F85+F86+F87+F88+F89+F90+F91+#REF!+F92+F93+F94+F75+F76+F77+F78+F79+F80+F72+F73+F66+F67+F68+F69+F70+F62+F63+F64 -> #REF! | I95: =+I82+I83+I84+I85+I86+I87+I88+I89+I90+I91+#REF!+I92+I93+I94+I75+I76+I77+I78+I79+I80+I72+I73+I66+I67+I68+I69+I70+I62+I63+I64 -> #REF! | L95: =+L82+L83+L84+L85+L86+L87+L88+L89+L90+L91+#REF!+L92+L93+L94+L75+L76+L77+L78+L79+L80+L72+L73+L66+L67+L68+L69+L70+L62+L63+L64 -> #REF! | O95: =+O82+O83+O84+O85+O86+O87+O88+O89+O90+O91+#REF!+O92+O93+O94+O75+O76+O77+O78+O79+O80+O72+O73+O66+O67+O68+O69+O70+O62+O63+O64 -> #REF! | R95: =+R82+R83+R84+R85+R86+R87+R88+R89+R90+R91+#REF!+R92+R93+R94+R75+R76+R77+R78+R79+R80+R72+R73+R66+R67+R68+R69+R70+R62+R63+R64 -> #REF! | U95: =+U82+U83+U84+U85+U86+U87+U88+U89+U90+U91+#REF!+U92+U93+U94+U75+U76+U77+U78+U79+U80+U72+U73+U66+U67+U68+U69+U70+U62+U63+U64 -> #REF! | X95: =+X82+X83+X84+X85+X86+X87+X88+X89+X90+X91+#REF!+X92+X93+X94+X75+X76+X77+X78+X79+X80+X72+X73+X66+X67+X68+X69+X70+X62+X63+X64 -> #REF! | AA95: =+AA82+AA83+AA84+AA85+AA86+AA87+AA88+AA89+AA90+AA91+#REF!+AA92+AA93+AA94+AA75+AA76+AA77+AA78+AA79+AA80+AA72+AA73+AA66+AA67+AA68+AA69+AA70+AA62+AA63+AA64 -> #REF! | AD95: =+AD82+AD83+AD84+AD85+AD86+AD87+AD88+AD89+AD90+AD91+#REF!+AD92+AD93+AD94+AD75+AD76+AD77+AD78+AD79+AD80+AD72+AD73+AD66+AD67+AD68+AD69+AD70+AD62+AD63+AD64 -> #REF! | AG95: =+AG82+AG83+AG84+AG85+AG86+AG87+AG88+AG89+AG90+AG91+#REF!+AG92+AG93+AG94+AG75+AG76+AG77+AG78+AG79+AG80+AG72+AG73+AG66+AG67+AG68+AG69+AG70+AG62+AG63+AG64 -> #REF! | AJ95: =+AJ82+AJ83+AJ84+AJ85+AJ86+AJ87+AJ88+AJ89+AJ90+AJ91+#REF!+AJ92+AJ93+AJ94+AJ75+AJ76+AJ77+AJ78+AJ79+AJ80+AJ72+AJ73+AJ66+AJ67+AJ68+AJ69+AJ70+AJ62+AJ63+AJ64 -> #REF! | AN95: =+AN82+AN83+AN84+AN85+AN86+AN87+AN88+AN89+AN90+AN91+#REF!+AN92+AN93+AN94+AN75+AN76+AN77+AN78+AN79+AN80+AN72+AN73+AN66+AN67+AN68+AN69+AN70+AN62+AN63+AN64 -> #REF!
A97: Amortissements | AN97: =+SUM(C97:AJ97) -> 0
A98: Loyers | AN98: =+SUM(C98:AJ98) -> 0
A99: Résultat Brut Explotation (RBE) | C99: =+C27-C95+C97+C98+C58+C31 -> 0 | F99: =+F27-F95+F97+F98+F58+F31 -> #REF! | I99: =+I27-I95+I97+I98+I58+I31 -> #REF! | L99: =+L27-L95+L97+L98+L58+L31 -> #REF! | O99: =+O27-O95+O97+O98+O58+O31 -> #REF! | R99: =+R27-R95+R97+R98+R58+R31 -> #REF! | U99: =+U27-U95+U97+U98+U58+U31 -> #REF! | X99: =+X27-X95+X97+X98+X58+X31 -> #REF! | AA99: =+AA27-AA95+AA97+AA98+AA58+AA31 -> #REF! | AD99: =+AD27-AD95+AD97+AD98+AD58+AD31 -> #REF! | AG99: =+AG27-AG95+AG97+AG98+AG58+AG31 -> #REF! | AJ99: =+AJ27-AJ95+AJ97+AJ98+AJ58+AJ31 -> #REF! | AN99: =+AN27-AN95+AN97+AN98+AN58+AN31 -> #REF!
A102: CH LOUEES
A103: EFFECTIF HEBERGEMENT / # LOUEES | C103: =+C13/C6 -> 3 | F103: =+F13/F6 -> 3 | I103: =+I13/I6 -> 3 | L103: =+L13/L6 -> 3 | O103: =+O13/O6 -> #DIV/0! | R103: =+R13/R6 -> #DIV/0! | U103: =+U13/U6 -> #DIV/0! | X103: =+X13/X6 -> #DIV/0! | AA103: =+AA13/AA6 -> #DIV/0! | AD103: =+AD13/AD6 -> #DIV/0! | AG103: =+AG13/AG6 -> #DIV/0! | AJ103: =+AJ13/AJ6 -> #DIV/0! | AN103: =+AN13/AN6 -> 2.625
A104: COUT BLANCHISSERIE / # LOUEES | C104: =+C61/C6 -> 0 | F104: =+F61/F6 -> 0 | I104: =+I61/I6 -> 0 | L104: =+L61/L6 -> 0 | O104: =+O61/O6 -> #DIV/0! | R104: =+R61/R6 -> #DIV/0! | U104: =+U61/U6 -> #DIV/0! | X104: =+X61/X6 -> #DIV/0! | AA104: =+AA61/AA6 -> #DIV/0! | AD104: =+AD61/AD6 -> #DIV/0! | AG104: =+AG61/AG6 -> #DIV/0! | AJ104: =+AJ61/AJ6 -> #DIV/0! | AN104: =+AN61/AN6 -> 0
A105: PRIME COST REST | C105: =+((C38+C43+C48+C53)+C29)/C25 -> #DIV/0! | F105: =+((F38+F43+F48+F53)+F29)/F25 -> #DIV/0! | I105: =+((I38+I43+I48+I53)+I29)/I25 -> #DIV/0! | L105: =+((L38+L43+L48+L53)+L29)/L25 -> #DIV/0! | O105: =+((O38+O43+O48+O53)+O29)/O25 -> #DIV/0! | R105: =+((R38+R43+R48+R53)+R29)/R25 -> #DIV/0! | U105: =+((U38+U43+U48+U53)+U29)/U25 -> #DIV/0! | X105: =+((X38+X43+X48+X53)+X29)/X25 -> #DIV/0! | AA105: =+((AA38+AA43+AA48+AA53)+AA29)/AA25 -> #DIV/0! | AD105: =+((AD38+AD43+AD48+AD53)+AD29)/AD25 -> #DIV/0! | AG105: =+((AG38+AG43+AG48+AG53)+AG29)/AG25 -> #DIV/0! | AJ105: =+((AJ38+AJ43+AJ48+AJ53)+AJ29)/AJ25 -> #DIV/0! | AN105: =+((AN38+AN43+AN48+AN53)+AN29)/AN25 -> #DIV/0!
A106: REVPAR | C106: =+(C27/C6)*C7 -> 0 | F106: =+F99/F6 -> #REF! | I106: =+I99/I6 -> #REF! | L106: =+L99/L6 -> #REF! | O106: =+O99/O6 -> #REF! | R106: =+R99/R6 -> #REF! | U106: =+U99/U6 -> #REF! | X106: =+X99/X6 -> #REF! | AA106: =+AA99/AA6 -> #REF! | AD106: =+AD99/AD6 -> #REF! | AG106: =+AG99/AG6 -> #REF! | AJ106: =+AJ99/AJ6 -> #REF! | AN106: =+AN99/AN6 -> #REF!
A107: RBE EN %/CA | C107: =+C99/C27 -> #DIV/0! | F107: =+F99/F27 -> #REF! | I107: =+I99/I27 -> #REF! | L107: =+L99/L27 -> #REF! | O107: =+O99/O27 -> #REF! | R107: =+R99/R27 -> #REF! | U107: =+U99/U27 -> #REF! | X107: =+X99/X27 -> #REF! | AA107: =+AA99/AA27 -> #REF! | AD107: =+AD99/AD27 -> #REF! | AG107: =+AG99/AG27 -> #REF! | AJ107: =+AJ99/AJ27 -> #REF! | AN107: =+AN99/AN27 -> #REF!
A108: ENERGIE / # LOUEES | C108: =+C81/C6 -> 0 | F108: =+F81/F6 -> 0 | I108: =+I81/I6 -> 0 | L108: =+L81/L6 -> 0 | O108: =+O81/O6 -> #DIV/0! | R108: =+R81/R6 -> #DIV/0! | U108: =+U81/U6 -> #DIV/0! | X108: =+X81/X6 -> #DIV/0! | AA108: =+AA81/AA6 -> #DIV/0! | AD108: =+AD81/AD6 -> #DIV/0! | AG108: =+AG81/AG6 -> #DIV/0! | AJ108: =+AJ81/AJ6 -> #DIV/0! | AN108: =+AN81/AN6 -> 0
...

Sheet Ecarts Budget
A1: 2014
A2: DATE | C2: Nom :
A3: MENSUEL | C3: 41640 | D3: BUDGET | E3: Ecarts | F3: 41671 | G3: N-1 | H3: Ecarts | I3: 41699 | J3: N-1 | K3: Ecarts | L3: 41730 | M3: N-1 | N3: Ecarts | O3: 41760 | P3: N-1 | Q3: Ecarts | R3: 41791 | S3: N-1 | T3: Ecarts | U3: 41821 | V3: N-1 | W3: Ecarts | X3: 41852 | Y3: N-1 | Z3: Ecarts | AA3: 41883 | AB3: N-1 | AC3: Ecarts | AD3: 41913 | AE3: N-1 | AF3: Ecarts | AG3: 41944 | AH3: N-1 | AI3: Ecarts | AJ3: 41974 | AK3: N-1 | AL3: Ecarts | AN3: TOTAL | AO3: CUMUL N-1 | AP3: Ecarts
A4: Hôtel
A5: Réservations | C5: =+N!C5 -> 1 | E5: =+D5-C5 -> -1 | P5: =SI -> #NAME?
A6: Nombre de chambres louées | C6: =+N!C6 -> 1 | E6: =+D6-C6 -> -1 | AN6: =+SUM(C6:AJ6) -> 0 | AP6: =+AO6-AN6 -> 0
A7: Taux occupation | C7: =+N!C7 -> 0.03 | E7: =+D7-C7 -> -0.03 | AP7: =+AO7-AN7 -> 0
A8: Prix moyen hébergement | C8: =+N!C8 -> 1 | E8: =+D8-C8 -> -1 | AP8: =+AO8-AN8 -> 0
B10: Effectif Héberg Fixes | C10: =+N!C10 -> 1 | E10: =+D10-C10 -> -1 | AN10: =+SUM(C10:AJ10) -> 0 | AO10: =+#REF! -> #REF! | AP10: =+AO10-AN10 -> #REF!
B11: Effectif Héberg Saisonniers | C11: =+N!C11 -> 1 | E11: =+D11-C11 -> -1 | AN11: =+SUM(C11:AJ11) -> 0 | AO11: =+#REF! -> #REF! | AP11: =+AO11-AN11 -> #REF!
B12: Effectif Héberg Intérim | C12: =+N!C12 -> 1 | E12: =+D12-C12 -> -1 | AN12: =+SUM(C12:AJ12) -> 0 | AO12: =+#REF! -> #REF! | AP12: =+AO12-AN12 -> #REF!
A13: Effectif Hébergement | C13: =+C10+C11+C12 -> 3 | E13: =+D13-C13 -> -3 | F13: =+F10+F11+F12 -> 0 | I13: =+I10+I11+I12 -> 0 | L13: =+L10+L11+L12 -> 0 | O13: =+O10+O11+O12 -> 0 | R13: =+R10+R11+R12 -> 0 | U13: =+U10+U11+U12 -> 0 | X13: =+X10+X11+X12 -> 0 | AA13: =+AA10+AA11+AA12 -> 0 | AD13: =+AD10+AD11+AD12 -> 0 | AG13: =+AG10+AG11+AG12 -> 0 | AJ13: =+AJ10+AJ11+AJ12 -> 0 | AN13: =+SUM(C13:AJ13) -> 0 | AO13: =+#REF! -> #REF! | AP13: =+AO13-AN13 -> #REF!
A14: Couverts Restaurant & Banquet | AN14: =+SUM(C14:AJ14) -> 0
A15: Couverts PDJ | AN15: =+SUM(C15:AJ15) -> 0
A16: Prix moyen Restaurant & Banquet
A17: Prix moyen PDJ
B18: Effectif Rest Fixes | AN18: =+SUM(C18:AJ18) -> 0
B19: Effectif Rest Saisonniers | AN19: =+SUM(C19:AJ19) -> 0
B20: Effectif Héberg Intérim | AN20: =+SUM(C20:AJ20) -> 0
A21: Effectif Restauration | C21: =+C20+C19+C18 -> 0 | F21: =+F20+F19+F18 -> 0 | I21: =+I20+I19+I18 -> 0 | L21: =+L20+L19+L18 -> 0 | O21: =+O20+O19+O18 -> 0 | R21: =+R20+R19+R18 -> 0 | U21: =+U20+U19+U18 -> 0 | X21: =+X20+X19+X18 -> 0 | AA21: =+AA20+AA19+AA18 -> 0 | AD21: =+AD20+AD19+AD18 -> 0 | AG21: =+AG20+AG19+AG18 -> 0 | AJ21: =+AJ20+AJ19+AJ18 -> 0 | AN21: =+SUM(C21:AJ21) -> 0
A22: Effectif Divers | AN22: =+SUM(C22:AJ22) -> 0
A24: Chiffre d'affaires Hébergement HT | AN24: =+SUM(C24:AJ24) -> 0
A25: Chiffre d'affaires Restauration HT | AN25: =+SUM(C25:AJ25) -> 0
A26: Chiffre d'affaires Divers HT | AN26: =+SUM(C26:AJ26) -> 0
A27: Total Chiffre d'affaires HT | C27: =+C24+C25+C26 -> 0 | F27: =+F24+F25+F26 -> 0 | I27: =+I24+I25+I26 -> 0 | L27: =+L24+L25+L26 -> 0 | O27: =+O24+O25+O26 -> 0 | R27: =+R24+R25+R26 -> 0 | U27: =+U24+U25+U26 -> 0 | X27: =+X24+X25+X26 -> 0 | AA27: =+AA24+AA25+AA26 -> 0 | AD27: =+AD24+AD25+AD26 -> 0 | AG27: =+AG24+AG25+AG26 -> 0 | AJ27: =+AJ24+AJ25+AJ26 -> 0 | AN27: =+SUM(C27:AJ27) -> 0
A29: Couts Marchandises Restauration | AN29: 0
A30: Couts Marchandises divers (boutique HDL)
A31: Total M/ses Consommées | C31: =+C30+C29 -> 0 | F31: =+F30+F29 -> 0 | I31: =+I30+I29 -> 0 | L31: =+L30+L29 -> 0 | O31: =+O30+O29 -> 0 | R31: =+R30+R29 -> 0 | U31: =+U30+U29 -> 0 | X31: =+X30+X29 -> 0 | AA31: =+AA30+AA29 -> 0 | AD31: =+AD30+AD29 -> 0 | AG31: =+AG30+AG29 -> 0 | AJ31: =+AJ30+AJ29 -> 0 | AN31: =+SUM(C31:AJ31) -> 0
A32: Ratio M/ses consommées restau | C32: =+C29/C25 -> #DIV/0! | F32: =+F29/F25 -> #DIV/0! | I32: =+I29/I25 -> #DIV/0! | L32: =+L29/L25 -> #DIV/0! | O32: =+O29/O25 -> #DIV/0! | R32: =+R29/R25 -> #DIV/0! | U32: =+U29/U25 -> #DIV/0! | X32: =+X29/X25 -> #DIV/0! | AA32: =+AA29/AA25 -> #DIV/0! | AD32: =+AD29/AD25 -> #DIV/0! | AG32: =+AG29/AG25 -> #DIV/0! | AJ32: =+AJ29/AJ25 -> #DIV/0! | AN32: =+AN29/AN25 -> #DIV/0!
A33: Marge Brute | C33: =+C27-C31 -> 0 | F33: =+F27-F31 -> 0 | I33: =+I27-I31 -> 0 | L33: =+L27-L31 -> 0 | O33: =+O27-O31 -> 0 | R33: =+R27-R31 -> 0 | U33: =+U27-U31 -> 0 | X33: =+X27-X31 -> 0 | AA33: =+AA27-AA31 -> 0 | AD33: =+AD27-AD31 -> 0 | AG33: =+AG27-AG31 -> 0 | AJ33: =+AJ27-AJ31 -> 0 | AN33: =+SUM(C33:AJ33) -> 0
A35: Intérim | C35: =+C36+C37+C38+C39 -> 0 | F35: =+F36+F37+F38+F39 -> 0 | I35: =+I36+I37+I38+I39 -> 0 | L35: =+L36+L37+L38+L39 -> 0 | O35: =+O36+O37+O38+O39 -> 0 | R35: =+R36+R37+R38+R39 -> 0 | U35: =+U36+U37+U38+U39 -> 0 | X35: =+X36+X37+X38+X39 -> 0 | AA35: =+AA36+AA37+AA38+AA39 -> 0 | AD35: =+AD36+AD37+AD38+AD39 -> 0 | AG35: =+AG36+AG37+AG38+AG39 -> 0 | AJ35: =+AJ36+AJ37+AJ38+AJ39 -> 0 | AN35: =+AN36+AN37+AN38+AN39 -> 0
B36: Intérim Réception | AN36: =+SUM(C36:AJ36) -> 0
B37: Intérim Hébergement | AN37: =+SUM(C37:AJ37) -> 0
B38: Intérim Restauration | AN38: =+SUM(C38:AJ38) -> 0
B39: Intérim Admin Comm | AN39: =+SUM(C39:AJ39) -> 0
A40: Salaires bruts | C40: =+SUM(C41:C44) -> 0 | F40: =+SUM(F41:F44) -> 0 | I40: =+SUM(I41:I44) -> 0 | L40: =+SUM(L41:L44) -> 0 | O40: =+SUM(O41:O44) -> 0 | R40: =+SUM(R41:R44) -> 0 | U40: =+SUM(U41:U44) -> 0 | X40: =+SUM(X41:X44) -> 0 | AA40: =+SUM(AA41:AA44) -> 0 | AD40: =+SUM(AD41:AD44) -> 0 | AG40: =+SUM(AG41:AG44) -> 0 | AJ40: =+SUM(AJ41:AJ44) -> 0 | AN40: =+SUM(AN41:AN44) -> 0
B41: SB Réception | AN41: =+SUM(C41:AJ41) -> 0
B42: SB Hébergement | AN42: =+SUM(C42:AJ42) -> 0
B43: SB Restauration | AN43: =+SUM(C43:AJ43) -> 0
B44: SB Admin Comm | AN44: =+SUM(C44:AJ44) -> 0
A45: Charges Sociales | C45: =+C46+C47+C48+C49 -> 0 | F45: =+F46+F47+F48+F49 -> 0 | I45: =+I46+I47+I48+I49 -> 0 | L45: =+L46+L47+L48+L49 -> 0 | O45: =+O46+O47+O48+O49 -> 0 | R45: =+R46+R47+R48+R49 -> 0 | U45: =+U46+U47+U48+U49 -> 0 | X45: =+X46+X47+X48+X49 -> 0 | AA45: =+AA46+AA47+AA48+AA49 -> 0 | AD45: =+AD46+AD47+AD48+AD49 -> 0 | AG45: =+AG46+AG47+AG48+AG49 -> 0 | AJ45: =+AJ46+AJ47+AJ48+AJ49 -> 0 | AN45: =+AN46+AN47+AN48+AN49 -> 0
B46: CS Réception | AN46: =+SUM(C46:AJ46) -> 0
B47: CS Hébergement | AN47: =+SUM(C47:AJ47) -> 0
B48: CS Restauration | AN48: =+SUM(C48:AJ48) -> 0
B49: CS Admin Comm | AN49: =+SUM(C49:AJ49) -> 0
A50: Rémunération variable | C50: =+C51+C52+C53+C54 -> 0 | F50: =+F51+F52+F53+F54 -> 0 | I50: =+I51+I52+I53+I54 -> 0 | L50: =+L51+L52+L53+L54 -> 0 | O50: =+O51+O52+O53+O54 -> 0 | R50: =+R51+R52+R53+R54 -> 0 | U50: =+U51+U52+U53+U54 -> 0 | X50: =+X51+X52+X53+X54 -> 0 | AA50: =+AA51+AA52+AA53+AA54 -> 0 | AD50: =+AD51+AD52+AD53+AD54 -> 0 | AG50: =+AG51+AG52+AG53+AG54 -> 0 | AJ50: =+AJ51+AJ52+AJ53+AJ54 -> 0 | AN50: =+AN51+AN52+AN53+AN54 -> 0
B51: RV Réception | AN51: =+SUM(C51:AJ51) -> 0
B52: RV Hébergement | AN52: =+SUM(C52:AJ52) -> 0
B53: RV Restauration | AN53: =+SUM(C53:AJ53) -> 0
B54: CS Admin Comm | AN54: =+SUM(C54:AJ54) -> 0
A55: Cout formation | AN55: =+SUM(C55:AJ55) -> 0
A56: Autres frais de personnel | AN56: =+SUM(C56:AJ56) -> 0
A57: Impôts et taxes sur salaires | AN57: =+SUM(C57:AJ57) -> 0
A58: Total Ressources Opérationnelles | C58: =+C35+C40+C45+C50+C55+C56+C57 -> 0 | F58: =+F35+F40+F45+F50+F55+F56+F57 -> 0 | I58: =+I35+I40+I45+I50+I55+I56+I57 -> 0 | L58: =+L35+L40+L45+L50+L55+L56+L57 -> 0 | O58: =+O35+O40+O45+O50+O55+O56+O57 -> 0 | R58: =+R35+R40+R45+R50+R55+R56+R57 -> 0 | U58: =+U35+U40+U45+U50+U55+U56+U57 -> 0 | X58: =+X35+X40+X45+X50+X55+X56+X57 -> 0 | AA58: =+AA35+AA40+AA45+AA50+AA55+AA56+AA57 -> 0 | AD58: =+AD35+AD40+AD45+AD50+AD55+AD56+AD57 -> 0 | AG58: =+AG35+AG40+AG45+AG50+AG55+AG56+AG57 -> 0 | AJ58: =+AJ35+AJ40+AJ45+AJ50+AJ55+AJ56+AJ57 -> 0 | AN58: =+AN35+AN40+AN45+AN50+AN55+AN56+AN57 -> 0
A60: Produits accueil et entretien | C60: =+C61+C64 -> 0 | F60: =+F61+F64 -> 0 | I60: =+I61+I64 -> 0 | L60: =+L61+L64 -> 0 | O60: =+O61+O64 -> 0 | R60: =+R61+R64 -> 0 | U60: =+U61+U64 -> 0 | X60: =+X61+X64 -> 0 | AA60: =+AA61+AA64 -> 0 | AD60: =+AD61+AD64 -> 0 | AG60: =+AG61+AG64 -> 0 | AJ60: =+AJ61+AJ64 -> 0 | AN60: =+AN61+AN64 -> 0
A61: Blanchisserie | C61: =+C62+C63 -> 0 | F61: =+F62+F63 -> 0 | I61: =+I62+I63 -> 0 | L61: =+L62+L63 -> 0 | O61: =+O62+O63 -> 0 | R61: =+R62+R63 -> 0 | U61: =+U62+U63 -> 0 | X61: =+X62+X63 -> 0 | AA61: =+AA62+AA63 -> 0 | AD61: =+AD62+AD63 -> 0 | AG61: =+AG62+AG63 -> 0 | AJ61: =+AJ62+AJ63 -> 0 | AN61: =+AN62+AN63 -> 0
B62: Hébergement | AN62: =+SUM(C62:AJ62) -> 0
B63: Restauration | AN63: =+SUM(C63:AJ63) -> 0
A64: Pdts accueil et entretien Hebergement | AN64: =+SUM(C64:AJ64) -> 0
A65: Matériel et Fournitures Exploitation | C65: =+C66+C67+C68 -> 0 | F65: =+F66+F67+F68 -> 0 | I65: =+I66+I67+I68 -> 0 | L65: =+L66+L67+L68 -> 0 | O65: =+O66+O67+O68 -> 0 | R65: =+R66+R67+R68 -> 0 | U65: =+U66+U67+U68 -> 0 | X65: =+X66+X67+X68 -> 0 | AA65: =+AA66+AA67+AA68 -> 0 | AD65: =+AD66+AD67+AD68 -> 0 | AG65: =+AG66+AG67+AG68 -> 0 | AJ65: =+AJ66+AJ67+AJ68 -> 0 | AN65: =+AN66+AN67+AN68 -> 0
A66: [Petit matériel et Fournitures Exploi | AN66: =+SUM(C66:AJ66) -> 0
A67: [Vaisselles et Ustensiles | AN67: =+SUM(C67:AJ67) -> 0
A68: [Linge | AN68: =+SUM(C68:AJ68) -> 0
A69: Uniformes | AN69: =+SUM(C69:AJ69) -> 0
A70: Informatique | AN70: =+SUM(C70:AJ70) -> 0
A71: Décoration/Animation | C71: =+C72+C73 -> 0 | F71: =+F72+F73 -> 0 | I71: =+I72+I73 -> 0 | L71: =+L72+L73 -> 0 | O71: =+O72+O73 -> 0 | R71: =+R72+R73 -> 0 | U71: =+U72+U73 -> 0 | X71: =+X72+X73 -> 0 | AA71: =+AA72+AA73 -> 0 | AD71: =+AD72+AD73 -> 0 | AG71: =+AG72+AG73 -> 0 | AJ71: =+AJ72+AJ73 -> 0 | AN71: =+AN72+AN73 -> 0
A72: [Fleurs/plantes | AN72: =+SUM(C72:AJ72) -> 0
A73: [Contrat décoration - espace vert | AN73: =+SUM(C73:AJ73) -> 0
A74: Télévision et Technologie | C74: =+C75+C76 -> 0 | F74: =+F75+F76 -> 0 | I74: =+I75+I76 -> 0 | L74: =+L75+L76 -> 0 | O74: =+O75+O76 -> 0 | R74: =+R75+R76 -> 0 | U74: =+U75+U76 -> 0 | X74: =+X75+X76 -> 0 | AA74: =+AA75+AA76 -> 0 | AD74: =+AD75+AD76 -> 0 | AG74: =+AG75+AG76 -> 0 | AJ74: =+AJ75+AJ76 -> 0 | AN74: =+AN75+AN76 -> 0
A75: [Abonnement CANAL + | AN75: =+SUM(C75:AJ75) -> 0
A76: [Taxe Audiovisuelle / SACEM | AN76: =+SUM(C76:AJ76) -> 0
A77: Location Matériel et Mobilier | AN77: =+SUM(C77:AJ77) -> 0
A78: Matériel Technique et outillages | AN78: =+SUM(C78:AJ78) -> 0
A79: Entretien Mobilier et immobilier | AN79: =+SUM(C79:AJ79) -> 0
A80: Contrat entretien COFELY | AN80: =+SUM(C80:AJ80) -> 0
A81: TOTAL ENERGIES | C81: =+C82+C83+C84 -> 0 | F81: =+F82+F83+F84 -> 0 | I81: =+I82+I83+I84 -> 0 | L81: =+L82+L83+L84 -> 0 | O81: =+O82+O83+O84 -> 0 | R81: =+R82+R83+R84 -> 0 | U81: =+U82+U83+U84 -> 0 | X81: =+X82+X83+X84 -> 0 | AA81: =+AA82+AA83+AA84 -> 0 | AD81: =+AD82+AD83+AD84 -> 0 | AG81: =+AG82+AG83+AG84 -> 0 | AJ81: =+AJ82+AJ83+AJ84 -> 0 | AN81: =+AN82+AN83+AN84 -> 0
A82: Electricité | AN82: =+SUM(C82:AJ82) -> 0
A83: Gaz | AN83: =+SUM(C83:AJ83) -> 0
A84: Eau | AN84: =+SUM(C84:AJ84) -> 0
A85: Publicité | AN85: =+SUM(C85:AJ85) -> 0
A86: Frais de déplacement | AN86: =+SUM(C86:AJ86) -> 0
A87: Fournitures et Services Administratifs | AN87: =+SUM(C87:AJ87) -> 0
A88: Télécom / Affranchissement | AN88: =+SUM(C88:AJ88) -> 0
A89: Frais de Banque | AN89: =+SUM(C89:AJ89) -> 0
A90: Commissions commerciales | AN90: =+SUM(C90:AJ90) -> 0
A91: Honoraires | AN91: =+SUM(C91:AJ91) -> 0
A92: Assurances | AN92: =+SUM(C92:AJ92) -> 0
A93: CET (taxe pro) | AN93: =+SUM(C93:AJ93) -> 0
A94: Autres Charges et Produits Exploitation | AN94: =+SUM(C94:AJ94) -> 0
A95: Total Autres Frais | C95: =+C82+C83+C84+C85+C86+C87+C88+C89+C90+C91+C92+C93+C94+C75+C76+C77+C78+C79+C80+C72+C73+C66+C67+C68+C69+C70+C62+C63+C64 -> 0 | F95: =+F82+F83+F84+F85+F86+F87+F88+F89+F90+F91+#REF!+F92+F93+F94+F75+F76+F77+F78+F79+F80+F72+F73+F66+F67+F68+F69+F70+F62+F63+F64 -> #REF! | I95: =+I82+I83+I84+I85+I86+I87+I88+I89+I90+I91+#REF!+I92+I93+I94+I75+I76+I77+I78+I79+I80+I72+I73+I66+I67+I68+I69+I70+I62+I63+I64 -> #REF! | L95: =+L82+L83+L84+L85+L86+L87+L88+L89+L90+L91+#REF!+L92+L93+L94+L75+L76+L77+L78+L79+L80+L72+L73+L66+L67+L68+L69+L70+L62+L63+L64 -> #REF! | O95: =+O82+O83+O84+O85+O86+O87+O88+O89+O90+O91+#REF!+O92+O93+O94+O75+O76+O77+O78+O79+O80+O72+O73+O66+O67+O68+O69+O70+O62+O63+O64 -> #REF! | R95: =+R82+R83+R84+R85+R86+R87+R88+R89+R90+R91+#REF!+R92+R93+R94+R75+R76+R77+R78+R79+R80+R72+R73+R66+R67+R68+R69+R70+R62+R63+R64 -> #REF! | U95: =+U82+U83+U84+U85+U86+U87+U88+U89+U90+U91+#REF!+U92+U93+U94+U75+U76+U77+U78+U79+U80+U72+U73+U66+U67+U68+U69+U70+U62+U63+U64 -> #REF! | X95: =+X82+X83+X84+X85+X86+X87+X88+X89+X90+X91+#REF!+X92+X93+X94+X75+X76+X77+X78+X79+X80+X72+X73+X66+X67+X68+X69+X70+X62+X63+X64 -> #REF! | AA95: =+AA82+AA83+AA84+AA85+AA86+AA87+AA88+AA89+AA90+AA91+#REF!+AA92+AA93+AA94+AA75+AA76+AA77+AA78+AA79+AA80+AA72+AA73+AA66+AA67+AA68+AA69+AA70+AA62+AA63+AA64 -> #REF! | AD95: =+AD82+AD83+AD84+AD85+AD86+AD87+AD88+AD89+AD90+AD91+#REF!+AD92+AD93+AD94+AD75+AD76+AD77+AD78+AD79+AD80+AD72+AD73+AD66+AD67+AD68+AD69+AD70+AD62+AD63+AD64 -> #REF! | AG95: =+AG82+AG83+AG84+AG85+AG86+AG87+AG88+AG89+AG90+AG91+#REF!+AG92+AG93+AG94+AG75+AG76+AG77+AG78+AG79+AG80+AG72+AG73+AG66+AG67+AG68+AG69+AG70+AG62+AG63+AG64 -> #REF! | AJ95: =+AJ82+AJ83+AJ84+AJ85+AJ86+AJ87+AJ88+AJ89+AJ90+AJ91+#REF!+AJ92+AJ93+AJ94+AJ75+AJ76+AJ77+AJ78+AJ79+AJ80+AJ72+AJ73+AJ66+AJ67+AJ68+AJ69+AJ70+AJ62+AJ63+AJ64 -> #REF! | AN95: =+AN82+AN83+AN84+AN85+AN86+AN87+AN88+AN89+AN90+AN91+#REF!+AN92+AN93+AN94+AN75+AN76+AN77+AN78+AN79+AN80+AN72+AN73+AN66+AN67+AN68+AN69+AN70+AN62+AN63+AN64 -> #REF!
A97: Amortissements | AN97: =+SUM(C97:AJ97) -> 0
A98: Loyers | AN98: =+SUM(C98:AJ98) -> 0
A99: Résultat Brut Explotation (RBE) | C99: =+C27-C95+C97+C98+C58+C31 -> 0 | F99: =+F27-F95+F97+F98+F58+F31 -> #REF! | I99: =+I27-I95+I97+I98+I58+I31 -> #REF! | L99: =+L27-L95+L97+L98+L58+L31 -> #REF! | O99: =+O27-O95+O97+O98+O58+O31 -> #REF! | R99: =+R27-R95+R97+R98+R58+R31 -> #REF! | U99: =+U27-U95+U97+U98+U58+U31 -> #REF! | X99: =+X27-X95+X97+X98+X58+X31 -> #REF! | AA99: =+AA27-AA95+AA97+AA98+AA58+AA31 -> #REF! | AD99: =+AD27-AD95+AD97+AD98+AD58+AD31 -> #REF! | AG99: =+AG27-AG95+AG97+AG98+AG58+AG31 -> #REF! | AJ99: =+AJ27-AJ95+AJ97+AJ98+AJ58+AJ31 -> #REF! | AN99: =+AN27-AN95+AN97+AN98+AN58+AN31 -> #REF!
A102: CH LOUEES
A103: EFFECTIF HEBERGEMENT / # LOUEES | C103: =+C13/C6 -> 3 | F103: =+F13/F6 -> #DIV/0! | I103: =+I13/I6 -> #DIV/0! | L103: =+L13/L6 -> #DIV/0! | O103: =+O13/O6 -> #DIV/0! | R103: =+R13/R6 -> #DIV/0! | U103: =+U13/U6 -> #DIV/0! | X103: =+X13/X6 -> #DIV/0! | AA103: =+AA13/AA6 -> #DIV/0! | AD103: =+AD13/AD6 -> #DIV/0! | AG103: =+AG13/AG6 -> #DIV/0! | AJ103: =+AJ13/AJ6 -> #DIV/0! | AN103: =+AN13/AN6 -> #DIV/0!
A104: COUT BLANCHISSERIE / # LOUEES | C104: =+C61/C6 -> 0 | F104: =+F61/F6 -> #DIV/0! | I104: =+I61/I6 -> #DIV/0! | L104: =+L61/L6 -> #DIV/0! | O104: =+O61/O6 -> #DIV/0! | R104: =+R61/R6 -> #DIV/0! | U104: =+U61/U6 -> #DIV/0! | X104: =+X61/X6 -> #DIV/0! | AA104: =+AA61/AA6 -> #DIV/0! | AD104: =+AD61/AD6 -> #DIV/0! | AG104: =+AG61/AG6 -> #DIV/0! | AJ104: =+AJ61/AJ6 -> #DIV/0! | AN104: =+AN61/AN6 -> #DIV/0!
A105: PRIME COST REST | C105: =+((C38+C43+C48+C53)+C29)/C25 -> #DIV/0! | F105: =+((F38+F43+F48+F53)+F29)/F25 -> #DIV/0! | I105: =+((I38+I43+I48+I53)+I29)/I25 -> #DIV/0! | L105: =+((L38+L43+L48+L53)+L29)/L25 -> #DIV/0! | O105: =+((O38+O43+O48+O53)+O29)/O25 -> #DIV/0! | R105: =+((R38+R43+R48+R53)+R29)/R25 -> #DIV/0! | U105: =+((U38+U43+U48+U53)+U29)/U25 -> #DIV/0! | X105: =+((X38+X43+X48+X53)+X29)/X25 -> #DIV/0! | AA105: =+((AA38+AA43+AA48+AA53)+AA29)/AA25 -> #DIV/0! | AD105: =+((AD38+AD43+AD48+AD53)+AD29)/AD25 -> #DIV/0! | AG105: =+((AG38+AG43+AG48+AG53)+AG29)/AG25 -> #DIV/0! | AJ105: =+((AJ38+AJ43+AJ48+AJ53)+AJ29)/AJ25 -> #DIV/0! | AN105: =+((AN38+AN43+AN48+AN53)+AN29)/AN25 -> #DIV/0!
A106: REVPAR | C106: =+(C27/C6)*C7 -> 0 | F106: =+F99/F6 -> #REF! | I106: =+I99/I6 -> #REF! | L106: =+L99/L6 -> #REF! | O106: =+O99/O6 -> #REF! | R106: =+R99/R6 -> #REF! | U106: =+U99/U6 -> #REF! | X106: =+X99/X6 -> #REF! | AA106: =+AA99/AA6 -> #REF! | AD106: =+AD99/AD6 -> #REF! | AG106: =+AG99/AG6 -> #REF! | AJ106: =+AJ99/AJ6 -> #REF! | AN106: =+AN99/AN6 -> #REF!
A107: RBE EN %/CA | C107: =+C99/C27 -> #DIV/0! | F107: =+F99/F27 -> #REF! | I107: =+I99/I27 -> #REF! | L107: =+L99/L27 -> #REF! | O107: =+O99/O27 -> #REF! | R107: =+R99/R27 -> #REF! | U107: =+U99/U27 -> #REF! | X107: =+X99/X27 -> #REF! | AA107: =+AA99/AA27 -> #REF! | AD107: =+AD99/AD27 -> #REF! | AG107: =+AG99/AG27 -> #REF! | AJ107: =+AJ99/AJ27 -> #REF! | AN107: =+AN99/AN27 -> #REF!
A108: ENERGIE / # LOUEES | C108: =+C81/C6 -> 0 | F108: =+F81/F6 -> #DIV/0! | I108: =+I81/I6 -> #DIV/0! | L108: =+L81/L6 -> #DIV/0! | O108: =+O81/O6 -> #DIV/0! | R108: =+R81/R6 -> #DIV/0! | U108: =+U81/U6 -> #DIV/0! | X108: =+X81/X6 -> #DIV/0! | AA108: =+AA81/AA6 -> #DIV/0! | AD108: =+AD81/AD6 -> #DIV/0! | AG108: =+AG81/AG6 -> #DIV/0! | AJ108: =+AJ81/AJ6 -> #DIV/0! | AN108: =+AN81/AN6 -> #DIV/0!
...

Sheet CUMUL
A1: 2014
A3: CUMUL | C3: JANVIER | H3: CUMUL FEVRIER | M3: CUMUL MARS
A4: Hôtel | C4: N | D4: N-1 | E4: ECART | F4: Budget | G4: ECART | H4: N | I4: N-1 | J4: ECART | K4: Budget | L4: ECART | M4: N | N4: N-1 | O4: ECART | P4: Budget | Q4: ECART
A5: Réservations | C5: =+N!C5 -> 1 | D5: =+'N-1'!C5 -> 1 | E5: =IF(C5>0,(C5/D5)-1,"") -> 0 | F5: =+BUDGET!C5 -> 0 | G5: =IF(C5>0,(C5/F5)-1,"") -> #DIV/0! | H5: =+N!D5+C5 -> 3 | I5: =+'N-1'!D5+D5 -> 3 | J5: =IF(H5>0,(H5/I5)-1,"") -> 0 | K5: =+BUDGET!D5+F5 -> 0 | L5: =IF(H5>0,(H5/K5)-1,"") -> #DIV/0! | M5: =+N!I5+H5 -> 10 | N5: =+'N-1'!I5+I5 -> 10 | O5: =IF(M5>0,(M5/N5)-1,"") -> 0 | P5: =+BUDGET!I5+K5 -> 0 | Q5: =IF(M5>0,(M5/P5)-1,"") -> #DIV/0!
A6: Nombre de chambres louées | C6: =+N!C6 -> 1 | D6: =+'N-1'!C6 -> 2 | E6: =IF(C6>0,(C6/D6)-1,"") -> -0.5 | F6: =+BUDGET!C6 -> 0 | G6: =IF(C6>0,(C6/F6)-1,"") -> #DIV/0! | H6: =+N!D6+C6 -> 3 | I6: =+'N-1'!D6+D6 -> 4 | J6: =IF(H6>0,(H6/I6)-1,"") -> -0.25 | K6: =+BUDGET!D6+F6 -> 0 | L6: =IF(H6>0,(H6/K6)-1,"") -> #DIV/0! | M6: =+N!I6+H6 -> 10 | N6: =+'N-1'!I6+I6 -> 4 | O6: =IF(M6>0,(M6/N6)-1,"") -> 1.5 | P6: =+BUDGET!I6+K6 -> 0 | Q6: =IF(M6>0,(M6/P6)-1,"") -> #DIV/0!
A7: Taux occupation | C7: =+N!C7 -> 0.03 | D7: =+'N-1'!C7 -> 0.03 | E7: =IF(C7>0,(C7/D7)-1,"") -> 0 | F7: =+BUDGET!C7 -> 0 | G7: =IF(C7>0,(C7/F7)-1,"") -> #DIV/0! | H7: =+N!D7+C7 -> 1.06 | I7: =+'N-1'!D7+D7 -> 1.06 | J7: =IF(H7>0,(H7/I7)-1,"") -> 0 | K7: =+BUDGET!D7+F7 -> 0 | L7: =IF(H7>0,(H7/K7)-1,"") -> #DIV/0! | M7: =+N!I7+H7 -> 1.06 | N7: =+'N-1'!I7+I7 -> 1.06 | O7: =IF(M7>0,(M7/N7)-1,"") -> 0 | P7: =+BUDGET!I7+K7 -> 0 | Q7: =IF(M7>0,(M7/P7)-1,"") -> #DIV/0!
A8: Prix moyen hébergement | C8: =+N!C8 -> 1 | D8: =+'N-1'!C8 -> 4 | E8: =IF(C8>0,(C8/D8)-1,"") -> -0.75 | F8: =+BUDGET!C8 -> 0 | G8: =IF(C8>0,(C8/F8)-1,"") -> #DIV/0! | H8: =+N!D8+C8 -> 3 | I8: =+'N-1'!D8+D8 -> 8 | J8: =IF(H8>0,(H8/I8)-1,"") -> -0.625 | K8: =+BUDGET!D8+F8 -> 0 | L8: =IF(H8>0,(H8/K8)-1,"") -> #DIV/0! | M8: =+N!I8+H8 -> 10 | N8: =+'N-1'!I8+I8 -> 8 | O8: =IF(M8>0,(M8/N8)-1,"") -> 0.25 | P8: =+BUDGET!I8+K8 -> 0 | Q8: =IF(M8>0,(M8/P8)-1,"") -> #DIV/0!
B10: Effectif Héberg Fixes | C10: =+N!C10 -> 1 | D10: =+'N-1'!C10 -> 5 | E10: =IF(C10>0,(C10/D10)-1,"") -> -0.8 | F10: =+BUDGET!C10 -> 0 | G10: =IF(C10>0,(C10/F10)-1,"") -> #DIV/0! | H10: =+N!D10+C10 -> 3 | I10: =+'N-1'!D10+D10 -> 10 | J10: =IF(H10>0,(H10/I10)-1,"") -> -0.7 | K10: =+BUDGET!D10+F10 -> 0 | L10: =IF(H10>0,(H10/K10)-1,"") -> #DIV/0! | M10: =+N!I10+H10 -> 10 | N10: =+'N-1'!I10+I10 -> 10 | O10: =IF(M10>0,(M10/N10)-1,"") -> 0 | P10: =+BUDGET!I10+K10 -> 0 | Q10: =IF(M10>0,(M10/P10)-1,"") -> #DIV/0!
B11: Effectif Héberg Saisonniers | C11: =+N!C11 -> 1 | D11: =+'N-1'!C11 -> 6 | E11: =IF(C11>0,(C11/D11)-1,"") -> -0.83333333 | F11: =+BUDGET!C11 -> 0 | G11: =IF(C11>0,(C11/F11)-1,"") -> #DIV/0! | H11: =+N!D11+C11 -> 3 | I11: =+'N-1'!D11+D11 -> 12 | J11: =IF(H11>0,(H11/I11)-1,"") -> -0.75 | K11: =+BUDGET!D11+F11 -> 0 | L11: =IF(H11>0,(H11/K11)-1,"") -> #DIV/0! | M11: =+N!I11+H11 -> 10 | N11: =+'N-1'!I11+I11 -> 12 | O11: =IF(M11>0,(M11/N11)-1,"") -> -0.16666667 | P11: =+BUDGET!I11+K11 -> 0 | Q11: =IF(M11>0,(M11/P11)-1,"") -> #DIV/0!
B12: Effectif Héberg Intérim | C12: =+N!C12 -> 1 | D12: =+'N-1'!C12 -> 7 | E12: =IF(C12>0,(C12/D12)-1,"") -> -0.85714286 | F12: =+BUDGET!C12 -> 0 | G12: =IF(C12>0,(C12/F12)-1,"") -> #DIV/0! | H12: =+N!D12+C12 -> 3 | I12: =+'N-1'!D12+D12 -> 14 | J12: =IF(H12>0,(H12/I12)-1,"") -> -0.78571429 | K12: =+BUDGET!D12+F12 -> 0 | L12: =IF(H12>0,(H12/K12)-1,"") -> #DIV/0! | M12: =+N!I12+H12 -> 10 | N12: =+'N-1'!I12+I12 -> 14 | O12: =IF(M12>0,(M12/N12)-1,"") -> -0.28571429 | P12: =+BUDGET!I12+K12 -> 0 | Q12: =IF(M12>0,(M12/P12)-1,"") -> #DIV/0!
A13: Effectif Hébergement | C13: =+C10+C11+C12 -> 3 | D13: =+D10+D11+D12 -> 18 | E13: =IF(C13>0,(C13/D13)-1,"") -> -0.83333333 | F13: =+F10+F11+F12 -> 0 | G13: =IF(C13>0,(C13/F13)-1,"") -> #DIV/0! | H13: =+H10+H11+H12 -> 9 | I13: =+I10+I11+I12 -> 36 | J13: =IF(H13>0,(H13/I13)-1,"") -> -0.75 | K13: =+K10+K11+K12 -> 0 | L13: =IF(H13>0,(H13/K13)-1,"") -> #DIV/0! | M13: =+M10+M11+M12 -> 30 | N13: =+N10+N11+N12 -> 36 | O13: =IF(M13>0,(M13/N13)-1,"") -> -0.16666667 | P13: =+P10+P11+P12 -> 0 | Q13: =IF(M13>0,(M13/P13)-1,"") -> #DIV/0!
A14: Couverts Restaurant & Banquet | C14: =+N!C14 -> 0 | D14: =+'N-1'!C14 -> 0 | E14: =IF(C14>0,(C14/D14)-1,"") | G14: =IF(C14>0,(C14/F14)-1,"") | H14: =+N!D14+C14 -> 0 | I14: =+'N-1'!D14+D14 -> 0 | J14: =IF(H14>0,(H14/I14)-1,"") | L14: =IF(H14>0,(H14/K14)-1,"") | O14: =IF(M14>0,(M14/N14)-1,"") | Q14: =IF(M14>0,(M14/P14)-1,"")
A15: Couverts PDJ | C15: =+N!C15 -> 0 | D15: =+'N-1'!C15 -> 0 | E15: =IF(C15>0,(C15/D15)-1,"") | G15: =IF(C15>0,(C15/F15)-1,"") | H15: =+N!D15+C15 -> 0 | I15: =+'N-1'!D15+D15 -> 0 | J15: =IF(H15>0,(H15/I15)-1,"") | L15: =IF(H15>0,(H15/K15)-1,"") | O15: =IF(M15>0,(M15/N15)-1,"") | Q15: =IF(M15>0,(M15/P15)-1,"")
A16: Prix moyen Restaurant & Banquet | C16: =+N!C16 -> 0 | D16: =+'N-1'!C16 -> 0 | E16: =IF(C16>0,(C16/D16)-1,"") | G16: =IF(C16>0,(C16/F16)-1,"") | H16: =+N!D16+C16 -> 0 | I16: =+'N-1'!D16+D16 -> 0 | J16: =IF(H16>0,(H16/I16)-1,"") | L16: =IF(H16>0,(H16/K16)-1,"") | O16: =IF(M16>0,(M16/N16)-1,"") | Q16: =IF(M16>0,(M16/P16)-1,"")
A17: Prix moyen PDJ | C17: =+N!C17 -> 0 | D17: =+'N-1'!C17 -> 0 | E17: =IF(C17>0,(C17/D17)-1,"") | G17: =IF(C17>0,(C17/F17)-1,"") | H17: =+N!D17+C17 -> 0 | I17: =+'N-1'!D17+D17 -> 0 | J17: =IF(H17>0,(H17/I17)-1,"") | L17: =IF(H17>0,(H17/K17)-1,"") | O17: =IF(M17>0,(M17/N17)-1,"") | Q17: =IF(M17>0,(M17/P17)-1,"")
B18: Effectif Rest Fixes | C18: =+N!C18 -> 0 | D18: =+'N-1'!C18 -> 0 | E18: =IF(C18>0,(C18/D18)-1,"") | G18: =IF(C18>0,(C18/F18)-1,"") | H18: =+N!D18+C18 -> 0 | I18: =+'N-1'!D18+D18 -> 0 | J18: =IF(H18>0,(H18/I18)-1,"") | L18: =IF(H18>0,(H18/K18)-1,"") | O18: =IF(M18>0,(M18/N18)-1,"") | Q18: =IF(M18>0,(M18/P18)-1,"")
B19: Effectif Rest Saisonniers | C19: =+N!C19 -> 0 | D19: =+'N-1'!C19 -> 0 | E19: =IF(C19>0,(C19/D19)-1,"") | G19: =IF(C19>0,(C19/F19)-1,"") | H19: =+N!D19+C19 -> 0 | I19: =+'N-1'!D19+D19 -> 0 | J19: =IF(H19>0,(H19/I19)-1,"") | L19: =IF(H19>0,(H19/K19)-1,"") | O19: =IF(M19>0,(M19/N19)-1,"") | Q19: =IF(M19>0,(M19/P19)-1,"")
B20: Effectif Héberg Intérim | C20: =+N!C20 -> 0 | D20: =+'N-1'!C20 -> 0 | E20: =IF(C20>0,(C20/D20)-1,"") | G20: =IF(C20>0,(C20/F20)-1,"") | H20: =+N!D20+C20 -> 0 | I20: =+'N-1'!D20+D20 -> 0 | J20: =IF(H20>0,(H20/I20)-1,"") | L20: =IF(H20>0,(H20/K20)-1,"") | O20: =IF(M20>0,(M20/N20)-1,"") | Q20: =IF(M20>0,(M20/P20)-1,"")
A21: Effectif Restauration | C21: =+C20+C19+C18 -> 0 | D21: =+D20+D19+D18 -> 0 | E21: =IF(C21>0,(C21/D21)-1,"") | F21: =+F20+F19+F18 -> 0 | G21: =IF(C21>0,(C21/F21)-1,"") | H21: =+H20+H19+H18 -> 0 | I21: =+I20+I19+I18 -> 0 | J21: =IF(H21>0,(H21/I21)-1,"") | K21: =+K20+K19+K18 -> 0 | L21: =IF(H21>0,(H21/K21)-1,"") | M21: =+M20+M19+M18 -> 0 | N21: =+N20+N19+N18 -> 0 | O21: =IF(M21>0,(M21/N21)-1,"") | P21: =+P20+P19+P18 -> 0 | Q21: =IF(M21>0,(M21/P21)-1,"")
A22: Effectif Divers | E22: =IF(C22>0,(C22/D22)-1,"") | G22: =IF(C22>0,(C22/F22)-1,"") | J22: =IF(H22>0,(H22/I22)-1,"") | L22: =IF(H22>0,(H22/K22)-1,"") | O22: =IF(M22>0,(M22/N22)-1,"") | Q22: =IF(M22>0,(M22/P22)-1,"")
A24: Chiffre d'affaires Hébergement HT | E24: =IF(C24>0,(C24/D24)-1,"") | G24: =IF(C24>0,(C24/F24)-1,"") | J24: =IF(H24>0,(H24/I24)-1,"") | L24: =IF(H24>0,(H24/K24)-1,"") | O24: =IF(M24>0,(M24/N24)-1,"") | Q24: =IF(M24>0,(M24/P24)-1,"")
A25: Chiffre d'affaires Restauration HT | E25: =IF(C25>0,(C25/D25)-1,"") | G25: =IF(C25>0,(C25/F25)-1,"") | J25: =IF(H25>0,(H25/I25)-1,"") | L25: =IF(H25>0,(H25/K25)-1,"") | O25: =IF(M25>0,(M25/N25)-1,"") | Q25: =IF(M25>0,(M25/P25)-1,"")
A26: Chiffre d'affaires Divers HT | E26: =IF(C26>0,(C26/D26)-1,"") | G26: =IF(C26>0,(C26/F26)-1,"") | J26: =IF(H26>0,(H26/I26)-1,"") | L26: =IF(H26>0,(H26/K26)-1,"") | O26: =IF(M26>0,(M26/N26)-1,"") | Q26: =IF(M26>0,(M26/P26)-1,"")
A27: Total Chiffre d'affaires HT | C27: =+C24+C25+C26 -> 0 | D27: =+D24+D25+D26 -> 0 | E27: =IF(C27>0,(C27/D27)-1,"") | F27: =+F24+F25+F26 -> 0 | G27: =IF(C27>0,(C27/F27)-1,"") | H27: =+H24+H25+H26 -> 0 | I27: =+I24+I25+I26 -> 0 | J27: =IF(H27>0,(H27/I27)-1,"") | K27: =+K24+K25+K26 -> 0 | L27: =IF(H27>0,(H27/K27)-1,"") | M27: =+M24+M25+M26 -> 0 | N27: =+N24+N25+N26 -> 0 | O27: =IF(M27>0,(M27/N27)-1,"") | P27: =+P24+P25+P26 -> 0 | Q27: =IF(M27>0,(M27/P27)-1,"")
A29: Couts Marchandises Restauration | E29: =IF(C29>0,(C29/D29)-1,"") | G29: =IF(C29>0,(C29/F29)-1,"") | J29: =IF(H29>0,(H29/I29)-1,"") | L29: =IF(H29>0,(H29/K29)-1,"") | O29: =IF(M29>0,(M29/N29)-1,"") | Q29: =IF(M29>0,(M29/P29)-1,"")
A30: Couts Marchandises divers (boutique HDL) | E30: =IF(C30>0,(C30/D30)-1,"") | G30: =IF(C30>0,(C30/F30)-1,"") | J30: =IF(H30>0,(H30/I30)-1,"") | L30: =IF(H30>0,(H30/K30)-1,"") | O30: =IF(M30>0,(M30/N30)-1,"") | Q30: =IF(M30>0,(M30/P30)-1,"")
A31: Total M/ses Consommées | C31: =+C30+C29 -> 0 | E31: =IF(C31>0,(C31/D31)-1,"") | G31: =IF(C31>0,(C31/F31)-1,"") | H31: =+H30+H29 -> 0 | J31: =IF(H31>0,(H31/I31)-1,"") | L31: =IF(H31>0,(H31/K31)-1,"") | M31: =+M30+M29 -> 0 | O31: =IF(M31>0,(M31/N31)-1,"") | Q31: =IF(M31>0,(M31/P31)-1,"")
A32: Ratio M/ses consommées restau | C32: =+C29/C25 -> #DIV/0! | E32: =IF(C32>0,(C32/D32)-1,"") -> #DIV/0! | G32: =IF(C32>0,(C32/F32)-1,"") -> #DIV/0! | H32: =+H29/H25 -> #DIV/0! | J32: =IF(H32>0,(H32/I32)-1,"") -> #DIV/0! | L32: =IF(H32>0,(H32/K32)-1,"") -> #DIV/0! | M32: =+M29/M25 -> #DIV/0! | O32: =IF(M32>0,(M32/N32)-1,"") -> #DIV/0! | Q32: =IF(M32>0,(M32/P32)-1,"") -> #DIV/0!
A33: Marge Brute | C33: =+C27-C31 -> 0 | E33: =IF(C33>0,(C33/D33)-1,"") | G33: =IF(C33>0,(C33/F33)-1,"") | H33: =+H27-H31 -> 0 | J33: =IF(H33>0,(H33/I33)-1,"") | L33: =IF(H33>0,(H33/K33)-1,"") | M33: =+M27-M31 -> 0 | O33: =IF(M33>0,(M33/N33)-1,"") | Q33: =IF(M33>0,(M33/P33)-1,"")
A35: Intérim | C35: =+C36+C37+C38+C39 -> 0 | D35: =+D36+D37+D38+D39 -> 0 | E35: =IF(C35>0,(C35/D35)-1,"") | F35: =+F36+F37+F38+F39 -> 0 | G35: =IF(C35>0,(C35/F35)-1,"") | H35: =+H36+H37+H38+H39 -> 0 | I35: =+I36+I37+I38+I39 -> 0 | J35: =IF(H35>0,(H35/I35)-1,"") | K35: =+K36+K37+K38+K39 -> 0 | L35: =IF(H35>0,(H35/K35)-1,"") | M35: =+M36+M37+M38+M39 -> 0 | N35: =+N36+N37+N38+N39 -> 0 | O35: =IF(M35>0,(M35/N35)-1,"") | P35: =+P36+P37+P38+P39 -> 0 | Q35: =IF(M35>0,(M35/P35)-1,"")
B36: Intérim Réception | E36: =IF(C36>0,(C36/D36)-1,"") | G36: =IF(C36>0,(C36/F36)-1,"") | J36: =IF(H36>0,(H36/I36)-1,"") | L36: =IF(H36>0,(H36/K36)-1,"") | O36: =IF(M36>0,(M36/N36)-1,"") | Q36: =IF(M36>0,(M36/P36)-1,"")
B37: Intérim Hébergement | E37: =IF(C37>0,(C37/D37)-1,"") | G37: =IF(C37>0,(C37/F37)-1,"") | J37: =IF(H37>0,(H37/I37)-1,"") | L37: =IF(H37>0,(H37/K37)-1,"") | O37: =IF(M37>0,(M37/N37)-1,"") | Q37: =IF(M37>0,(M37/P37)-1,"")
B38: Intérim Restauration | E38: =IF(C38>0,(C38/D38)-1,"") | G38: =IF(C38>0,(C38/F38)-1,"") | J38: =IF(H38>0,(H38/I38)-1,"") | L38: =IF(H38>0,(H38/K38)-1,"") | O38: =IF(M38>0,(M38/N38)-1,"") | Q38: =IF(M38>0,(M38/P38)-1,"")
B39: Intérim Admin Comm | E39: =IF(C39>0,(C39/D39)-1,"") | G39: =IF(C39>0,(C39/F39)-1,"") | J39: =IF(H39>0,(H39/I39)-1,"") | L39: =IF(H39>0,(H39/K39)-1,"") | O39: =IF(M39>0,(M39/N39)-1,"") | Q39: =IF(M39>0,(M39/P39)-1,"")
A40: Salaires bruts | C40: =+SUM(C41:C44) -> 0 | D40: =+SUM(D41:D44) -> 0 | E40: =IF(C40>0,(C40/D40)-1,"") | F40: =+SUM(F41:F44) -> 0 | G40: =IF(C40>0,(C40/F40)-1,"") | H40: =+SUM(H41:H44) -> 0 | I40: =+SUM(I41:I44) -> 0 | J40: =IF(H40>0,(H40/I40)-1,"") | K40: =+SUM(K41:K44) -> 0 | L40: =IF(H40>0,(H40/K40)-1,"") | M40: =+SUM(M41:M44) -> 0 | N40: =+SUM(N41:N44) -> 0 | O40: =IF(M40>0,(M40/N40)-1,"") | P40: =+SUM(P41:P44) -> 0 | Q40: =IF(M40>0,(M40/P40)-1,"")
B41: SB Réception | E41: =IF(C41>0,(C41/D41)-1,"") | G41: =IF(C41>0,(C41/F41)-1,"") | J41: =IF(H41>0,(H41/I41)-1,"") | L41: =IF(H41>0,(H41/K41)-1,"") | O41: =IF(M41>0,(M41/N41)-1,"") | Q41: =IF(M41>0,(M41/P41)-1,"")
B42: SB Hébergement | E42: =IF(C42>0,(C42/D42)-1,"") | G42: =IF(C42>0,(C42/F42)-1,"") | J42: =IF(H42>0,(H42/I42)-1,"") | L42: =IF(H42>0,(H42/K42)-1,"") | O42: =IF(M42>0,(M42/N42)-1,"") | Q42: =IF(M42>0,(M42/P42)-1,"")
B43: SB Restauration | E43: =IF(C43>0,(C43/D43)-1,"") | G43: =IF(C43>0,(C43/F43)-1,"") | J43: =IF(H43>0,(H43/I43)-1,"") | L43: =IF(H43>0,(H43/K43)-1,"") | O43: =IF(M43>0,(M43/N43)-1,"") | Q43: =IF(M43>0,(M43/P43)-1,"")
B44: SB Admin Comm | E44: =IF(C44>0,(C44/D44)-1,"") | G44: =IF(C44>0,(C44/F44)-1,"") | J44: =IF(H44>0,(H44/I44)-1,"") | L44: =IF(H44>0,(H44/K44)-1,"") | O44: =IF(M44>0,(M44/N44)-1,"") | Q44: =IF(M44>0,(M44/P44)-1,"")
A45: Charges Sociales | C45: =+C46+C47+C48+C49 -> 0 | D45: =+D46+D47+D48+D49 -> 0 | E45: =IF(C45>0,(C45/D45)-1,"") | F45: =+F46+F47+F48+F49 -> 0 | G45: =IF(C45>0,(C45/F45)-1,"") | H45: =+H46+H47+H48+H49 -> 0 | I45: =+I46+I47+I48+I49 -> 0 | J45: =IF(H45>0,(H45/I45)-1,"") | K45: =+K46+K47+K48+K49 -> 0 | L45: =IF(H45>0,(H45/K45)-1,"") | M45: =+M46+M47+M48+M49 -> 0 | N45: =+N46+N47+N48+N49 -> 0 | O45: =IF(M45>0,(M45/N45)-1,"") | P45: =+P46+P47+P48+P49 -> 0 | Q45: =IF(M45>0,(M45/P45)-1,"")
B46: CS Réception | E46: =IF(C46>0,(C46/D46)-1,"") | G46: =IF(C46>0,(C46/F46)-1,"") | J46: =IF(H46>0,(H46/I46)-1,"") | L46: =IF(H46>0,(H46/K46)-1,"") | O46: =IF(M46>0,(M46/N46)-1,"") | Q46: =IF(M46>0,(M46/P46)-1,"")
B47: CS Hébergement | E47: =IF(C47>0,(C47/D47)-1,"") | G47: =IF(C47>0,(C47/F47)-1,"") | J47: =IF(H47>0,(H47/I47)-1,"") | L47: =IF(H47>0,(H47/K47)-1,"") | O47: =IF(M47>0,(M47/N47)-1,"") | Q47: =IF(M47>0,(M47/P47)-1,"")
B48: CS Restauration | E48: =IF(C48>0,(C48/D48)-1,"") | G48: =IF(C48>0,(C48/F48)-1,"") | J48: =IF(H48>0,(H48/I48)-1,"") | L48: =IF(H48>0,(H48/K48)-1,"") | O48: =IF(M48>0,(M48/N48)-1,"") | Q48: =IF(M48>0,(M48/P48)-1,"")
B49: CS Admin Comm | E49: =IF(C49>0,(C49/D49)-1,"") | G49: =IF(C49>0,(C49/F49)-1,"") | J49: =IF(H49>0,(H49/I49)-1,"") | L49: =IF(H49>0,(H49/K49)-1,"") | O49: =IF(M49>0,(M49/N49)-1,"") | Q49: =IF(M49>0,(M49/P49)-1,"")
A50: Rémunération variable | C50: =+C51+C52+C53+C54 -> 0 | D50: =+D51+D52+D53+D54 -> 0 | E50: =IF(C50>0,(C50/D50)-1,"") | F50: =+F51+F52+F53+F54 -> 0 | G50: =IF(C50>0,(C50/F50)-1,"") | H50: =+H51+H52+H53+H54 -> 0 | I50: =+I51+I52+I53+I54 -> 0 | J50: =IF(H50>0,(H50/I50)-1,"") | K50: =+K51+K52+K53+K54 -> 0 | L50: =IF(H50>0,(H50/K50)-1,"") | M50: =+M51+M52+M53+M54 -> 0 | N50: =+N51+N52+N53+N54 -> 0 | O50: =IF(M50>0,(M50/N50)-1,"") | P50: =+P51+P52+P53+P54 -> 0 | Q50: =IF(M50>0,(M50/P50)-1,"")
B51: RV Réception | E51: =IF(C51>0,(C51/D51)-1,"") | G51: =IF(C51>0,(C51/F51)-1,"") | J51: =IF(H51>0,(H51/I51)-1,"") | L51: =IF(H51>0,(H51/K51)-1,"") | O51: =IF(M51>0,(M51/N51)-1,"") | Q51: =IF(M51>0,(M51/P51)-1,"")
B52: RV Hébergement | E52: =IF(C52>0,(C52/D52)-1,"") | G52: =IF(C52>0,(C52/F52)-1,"") | J52: =IF(H52>0,(H52/I52)-1,"") | L52: =IF(H52>0,(H52/K52)-1,"") | O52: =IF(M52>0,(M52/N52)-1,"") | Q52: =IF(M52>0,(M52/P52)-1,"")
B53: RV Restauration | E53: =IF(C53>0,(C53/D53)-1,"") | G53: =IF(C53>0,(C53/F53)-1,"") | J53: =IF(H53>0,(H53/I53)-1,"") | L53: =IF(H53>0,(H53/K53)-1,"") | O53: =IF(M53>0,(M53/N53)-1,"") | Q53: =IF(M53>0,(M53/P53)-1,"")
B54: CS Admin Comm | E54: =IF(C54>0,(C54/D54)-1,"") | G54: =IF(C54>0,(C54/F54)-1,"") | J54: =IF(H54>0,(H54/I54)-1,"") | L54: =IF(H54>0,(H54/K54)-1,"") | O54: =IF(M54>0,(M54/N54)-1,"") | Q54: =IF(M54>0,(M54/P54)-1,"")
A55: Cout formation | E55: =IF(C55>0,(C55/D55)-1,"") | G55: =IF(C55>0,(C55/F55)-1,"") | J55: =IF(H55>0,(H55/I55)-1,"") | L55: =IF(H55>0,(H55/K55)-1,"") | O55: =IF(M55>0,(M55/N55)-1,"") | Q55: =IF(M55>0,(M55/P55)-1,"")
A56: Autres frais de personnel | E56: =IF(C56>0,(C56/D56)-1,"") | G56: =IF(C56>0,(C56/F56)-1,"") | J56: =IF(H56>0,(H56/I56)-1,"") | L56: =IF(H56>0,(H56/K56)-1,"") | O56: =IF(M56>0,(M56/N56)-1,"") | Q56: =IF(M56>0,(M56/P56)-1,"")
A57: Impôts et taxes sur salaires | E57: =IF(C57>0,(C57/D57)-1,"") | G57: =IF(C57>0,(C57/F57)-1,"") | J57: =IF(H57>0,(H57/I57)-1,"") | L57: =IF(H57>0,(H57/K57)-1,"") | O57: =IF(M57>0,(M57/N57)-1,"") | Q57: =IF(M57>0,(M57/P57)-1,"")
A58: Total Ressources Opérationnelles | C58: =+C35+C40+C45+C50+C55+C56+C57 -> 0 | D58: =+D35+D40+D45+D50+D55+D56+D57 -> 0 | E58: =IF(C58>0,(C58/D58)-1,"") | F58: =+F35+F40+F45+F50+F55+F56+F57 -> 0 | G58: =IF(C58>0,(C58/F58)-1,"") | H58: =+H35+H40+H45+H50+H55+H56+H57 -> 0 | I58: =+I35+I40+I45+I50+I55+I56+I57 -> 0 | J58: =IF(H58>0,(H58/I58)-1,"") | K58: =+K35+K40+K45+K50+K55+K56+K57 -> 0 | L58: =IF(H58>0,(H58/K58)-1,"") | M58: =+M35+M40+M45+M50+M55+M56+M57 -> 0 | N58: =+N35+N40+N45+N50+N55+N56+N57 -> 0 | O58: =IF(M58>0,(M58/N58)-1,"") | P58: =+P35+P40+P45+P50+P55+P56+P57 -> 0 | Q58: =IF(M58>0,(M58/P58)-1,"")
A60: Produits accueil et entretien | C60: =+C61+C64 -> 0 | D60: =+D61+D64 -> 0 | E60: =IF(C60>0,(C60/D60)-1,"") | F60: =+F61+F64 -> 0 | G60: =IF(C60>0,(C60/F60)-1,"") | H60: =+H61+H64 -> 0 | I60: =+I61+I64 -> 0 | J60: =IF(H60>0,(H60/I60)-1,"") | K60: =+K61+K64 -> 0 | L60: =IF(H60>0,(H60/K60)-1,"") | M60: =+M61+M64 -> 0 | N60: =+N61+N64 -> 0 | O60: =IF(M60>0,(M60/N60)-1,"") | P60: =+P61+P64 -> 0 | Q60: =IF(M60>0,(M60/P60)-1,"")
A61: Blanchisserie | C61: =+C62+C63 -> 0 | D61: =+D62+D63 -> 0 | E61: =IF(C61>0,(C61/D61)-1,"") | F61: =+F62+F63 -> 0 | G61: =IF(C61>0,(C61/F61)-1,"") | H61: =+H62+H63 -> 0 | I61: =+I62+I63 -> 0 | J61: =IF(H61>0,(H61/I61)-1,"") | K61: =+K62+K63 -> 0 | L61: =IF(H61>0,(H61/K61)-1,"") | M61: =+M62+M63 -> 0 | N61: =+N62+N63 -> 0 | O61: =IF(M61>0,(M61/N61)-1,"") | P61: =+P62+P63 -> 0 | Q61: =IF(M61>0,(M61/P61)-1,"")
B62: Hébergement | E62: =IF(C62>0,(C62/D62)-1,"") | G62: =IF(C62>0,(C62/F62)-1,"") | J62: =IF(H62>0,(H62/I62)-1,"") | L62: =IF(H62>0,(H62/K62)-1,"") | O62: =IF(M62>0,(M62/N62)-1,"") | Q62: =IF(M62>0,(M62/P62)-1,"")
B63: Restauration | E63: =IF(C63>0,(C63/D63)-1,"") | G63: =IF(C63>0,(C63/F63)-1,"") | J63: =IF(H63>0,(H63/I63)-1,"") | L63: =IF(H63>0,(H63/K63)-1,"") | O63: =IF(M63>0,(M63/N63)-1,"") | Q63: =IF(M63>0,(M63/P63)-1,"")
A64: Pdts accueil et entretien Hebergement | E64: =IF(C64>0,(C64/D64)-1,"") | G64: =IF(C64>0,(C64/F64)-1,"") | J64: =IF(H64>0,(H64/I64)-1,"") | L64: =IF(H64>0,(H64/K64)-1,"") | O64: =IF(M64>0,(M64/N64)-1,"") | Q64: =IF(M64>0,(M64/P64)-1,"")
A65: Matériel et Fournitures Exploitation | C65: =+C66+C67+C68 -> 0 | D65: =+D66+D67+D68 -> 0 | E65: =IF(C65>0,(C65/D65)-1,"") | F65: =+F66+F67+F68 -> 0 | G65: =IF(C65>0,(C65/F65)-1,"") | H65: =+H66+H67+H68 -> 0 | I65: =+I66+I67+I68 -> 0 | J65: =IF(H65>0,(H65/I65)-1,"") | K65: =+K66+K67+K68 -> 0 | L65: =IF(H65>0,(H65/K65)-1,"") | M65: =+M66+M67+M68 -> 0 | N65: =+N66+N67+N68 -> 0 | O65: =IF(M65>0,(M65/N65)-1,"") | P65: =+P66+P67+P68 -> 0 | Q65: =IF(M65>0,(M65/P65)-1,"")
A66: [Petit matériel et Fournitures Exploi | E66: =IF(C66>0,(C66/D66)-1,"") | G66: =IF(C66>0,(C66/F66)-1,"") | J66: =IF(H66>0,(H66/I66)-1,"") | L66: =IF(H66>0,(H66/K66)-1,"") | O66: =IF(M66>0,(M66/N66)-1,"") | Q66: =IF(M66>0,(M66/P66)-1,"")
A67: [Vaisselles et Ustensiles | E67: =IF(C67>0,(C67/D67)-1,"") | G67: =IF(C67>0,(C67/F67)-1,"") | J67: =IF(H67>0,(H67/I67)-1,"") | L67: =IF(H67>0,(H67/K67)-1,"") | O67: =IF(M67>0,(M67/N67)-1,"") | Q67: =IF(M67>0,(M67/P67)-1,"")
A68: [Linge | E68: =IF(C68>0,(C68/D68)-1,"") | G68: =IF(C68>0,(C68/F68)-1,"") | J68: =IF(H68>0,(H68/I68)-1,"") | L68: =IF(H68>0,(H68/K68)-1,"") | O68: =IF(M68>0,(M68/N68)-1,"") | Q68: =IF(M68>0,(M68/P68)-1,"")
A69: Uniformes | E69: =IF(C69>0,(C69/D69)-1,"") | G69: =IF(C69>0,(C69/F69)-1,"") | J69: =IF(H69>0,(H69/I69)-1,"") | L69: =IF(H69>0,(H69/K69)-1,"") | O69: =IF(M69>0,(M69/N69)-1,"") | Q69: =IF(M69>0,(M69/P69)-1,"")
A70: Informatique | E70: =IF(C70>0,(C70/D70)-1,"") | G70: =IF(C70>0,(C70/F70)-1,"") | J70: =IF(H70>0,(H70/I70)-1,"") | L70: =IF(H70>0,(H70/K70)-1,"") | O70: =IF(M70>0,(M70/N70)-1,"") | Q70: =IF(M70>0,(M70/P70)-1,"")
A71: Décoration/Animation | C71: =+C72+C73 -> 0 | D71: =+D72+D73 -> 0 | E71: =IF(C71>0,(C71/D71)-1,"") | F71: =+F72+F73 -> 0 | G71: =IF(C71>0,(C71/F71)-1,"") | H71: =+H72+H73 -> 0 | I71: =+I72+I73 -> 0 | J71: =IF(H71>0,(H71/I71)-1,"") | K71: =+K72+K73 -> 0 | L71: =IF(H71>0,(H71/K71)-1,"") | M71: =+M72+M73 -> 0 | N71: =+N72+N73 -> 0 | O71: =IF(M71>0,(M71/N71)-1,"") | P71: =+P72+P73 -> 0 | Q71: =IF(M71>0,(M71/P71)-1,"")
A72: [Fleurs/plantes | E72: =IF(C72>0,(C72/D72)-1,"") | G72: =IF(C72>0,(C72/F72)-1,"") | J72: =IF(H72>0,(H72/I72)-1,"") | L72: =IF(H72>0,(H72/K72)-1,"") | O72: =IF(M72>0,(M72/N72)-1,"") | Q72: =IF(M72>0,(M72/P72)-1,"")
A73: [Contrat décoration - espace vert | E73: =IF(C73>0,(C73/D73)-1,"") | G73: =IF(C73>0,(C73/F73)-1,"") | J73: =IF(H73>0,(H73/I73)-1,"") | L73: =IF(H73>0,(H73/K73)-1,"") | O73: =IF(M73>0,(M73/N73)-1,"") | Q73: =IF(M73>0,(M73/P73)-1,"")
A74: Télévision et Technologie | C74: =+C75+C76 -> 0 | D74: =+D75+D76 -> 0 | E74: =IF(C74>0,(C74/D74)-1,"") | F74: =+F75+F76 -> 0 | G74: =IF(C74>0,(C74/F74)-1,"") | H74: =+H75+H76 -> 0 | I74: =+I75+I76 -> 0 | J74: =IF(H74>0,(H74/I74)-1,"") | K74: =+K75+K76 -> 0 | L74: =IF(H74>0,(H74/K74)-1,"") | M74: =+M75+M76 -> 0 | N74: =+N75+N76 -> 0 | O74: =IF(M74>0,(M74/N74)-1,"") | P74: =+P75+P76 -> 0 | Q74: =IF(M74>0,(M74/P74)-1,"")
A75: [Abonnement CANAL + | E75: =IF(C75>0,(C75/D75)-1,"") | G75: =IF(C75>0,(C75/F75)-1,"") | J75: =IF(H75>0,(H75/I75)-1,"") | L75: =IF(H75>0,(H75/K75)-1,"") | O75: =IF(M75>0,(M75/N75)-1,"") | Q75: =IF(M75>0,(M75/P75)-1,"")
A76: [Taxe Audiovisuelle / SACEM | E76: =IF(C76>0,(C76/D76)-1,"") | G76: =IF(C76>0,(C76/F76)-1,"") | J76: =IF(H76>0,(H76/I76)-1,"") | L76: =IF(H76>0,(H76/K76)-1,"") | O76: =IF(M76>0,(M76/N76)-1,"") | Q76: =IF(M76>0,(M76/P76)-1,"")
A77: Location Matériel et Mobilier | E77: =IF(C77>0,(C77/D77)-1,"") | G77: =IF(C77>0,(C77/F77)-1,"") | J77: =IF(H77>0,(H77/I77)-1,"") | L77: =IF(H77>0,(H77/K77)-1,"") | O77: =IF(M77>0,(M77/N77)-1,"") | Q77: =IF(M77>0,(M77/P77)-1,"")
A78: Matériel Technique et outillages | E78: =IF(C78>0,(C78/D78)-1,"") | G78: =IF(C78>0,(C78/F78)-1,"") | J78: =IF(H78>0,(H78/I78)-1,"") | L78: =IF(H78>0,(H78/K78)-1,"") | O78: =IF(M78>0,(M78/N78)-1,"") | Q78: =IF(M78>0,(M78/P78)-1,"")
A79: Entretien Mobilier et immobilier | E79: =IF(C79>0,(C79/D79)-1,"") | G79: =IF(C79>0,(C79/F79)-1,"") | J79: =IF(H79>0,(H79/I79)-1,"") | L79: =IF(H79>0,(H79/K79)-1,"") | O79: =IF(M79>0,(M79/N79)-1,"") | Q79: =IF(M79>0,(M79/P79)-1,"")
A80: Contrat entretien COFELY | E80: =IF(C80>0,(C80/D80)-1,"") | G80: =IF(C80>0,(C80/F80)-1,"") | J80: =IF(H80>0,(H80/I80)-1,"") | L80: =IF(H80>0,(H80/K80)-1,"") | O80: =IF(M80>0,(M80/N80)-1,"") | Q80: =IF(M80>0,(M80/P80)-1,"")
A81: TOTAL ENERGIES | C81: =+C82+C83+C84 -> 0 | D81: =+D82+D83+D84 -> 0 | E81: =IF(C81>0,(C81/D81)-1,"") | F81: =+F82+F83+F84 -> 0 | G81: =IF(C81>0,(C81/F81)-1,"") | H81: =+H82+H83+H84 -> 0 | I81: =+I82+I83+I84 -> 0 | J81: =IF(H81>0,(H81/I81)-1,"") | K81: =+K82+K83+K84 -> 0 | L81: =IF(H81>0,(H81/K81)-1,"") | M81: =+M82+M83+M84 -> 0 | N81: =+N82+N83+N84 -> 0 | O81: =IF(M81>0,(M81/N81)-1,"") | P81: =+P82+P83+P84 -> 0 | Q81: =IF(M81>0,(M81/P81)-1,"")
A82: Electricité | E82: =IF(C82>0,(C82/D82)-1,"") | G82: =IF(C82>0,(C82/F82)-1,"") | J82: =IF(H82>0,(H82/I82)-1,"") | L82: =IF(H82>0,(H82/K82)-1,"") | O82: =IF(M82>0,(M82/N82)-1,"") | Q82: =IF(M82>0,(M82/P82)-1,"")
A83: Gaz | E83: =IF(C83>0,(C83/D83)-1,"") | G83: =IF(C83>0,(C83/F83)-1,"") | J83: =IF(H83>0,(H83/I83)-1,"") | L83: =IF(H83>0,(H83/K83)-1,"") | O83: =IF(M83>0,(M83/N83)-1,"") | Q83: =IF(M83>0,(M83/P83)-1,"")
A84: Eau | E84: =IF(C84>0,(C84/D84)-1,"") | G84: =IF(C84>0,(C84/F84)-1,"") | J84: =IF(H84>0,(H84/I84)-1,"") | L84: =IF(H84>0,(H84/K84)-1,"") | O84: =IF(M84>0,(M84/N84)-1,"") | Q84: =IF(M84>0,(M84/P84)-1,"")
A85: Publicité | E85: =IF(C85>0,(C85/D85)-1,"") | G85: =IF(C85>0,(C85/F85)-1,"") | J85: =IF(H85>0,(H85/I85)-1,"") | L85: =IF(H85>0,(H85/K85)-1,"") | O85: =IF(M85>0,(M85/N85)-1,"") | Q85: =IF(M85>0,(M85/P85)-1,"")
A86: Frais de déplacement | E86: =IF(C86>0,(C86/D86)-1,"") | G86: =IF(C86>0,(C86/F86)-1,"") | J86: =IF(H86>0,(H86/I86)-1,"") | L86: =IF(H86>0,(H86/K86)-1,"") | O86: =IF(M86>0,(M86/N86)-1,"") | Q86: =IF(M86>0,(M86/P86)-1,"")
A87: Fournitures et Services Administratifs | E87: =IF(C87>0,(C87/D87)-1,"") | G87: =IF(C87>0,(C87/F87)-1,"") | J87: =IF(H87>0,(H87/I87)-1,"") | L87: =IF(H87>0,(H87/K87)-1,"") | O87: =IF(M87>0,(M87/N87)-1,"") | Q87: =IF(M87>0,(M87/P87)-1,"")
A88: Télécom / Affranchissement | E88: =IF(C88>0,(C88/D88)-1,"") | G88: =IF(C88>0,(C88/F88)-1,"") | J88: =IF(H88>0,(H88/I88)-1,"") | L88: =IF(H88>0,(H88/K88)-1,"") | O88: =IF(M88>0,(M88/N88)-1,"") | Q88: =IF(M88>0,(M88/P88)-1,"")
A89: Frais de Banque | E89: =IF(C89>0,(C89/D89)-1,"") | G89: =IF(C89>0,(C89/F89)-1,"") | J89: =IF(H89>0,(H89/I89)-1,"") | L89: =IF(H89>0,(H89/K89)-1,"") | O89: =IF(M89>0,(M89/N89)-1,"") | Q89: =IF(M89>0,(M89/P89)-1,"")
A90: Commissions commerciales | E90: =IF(C90>0,(C90/D90)-1,"") | G90: =IF(C90>0,(C90/F90)-1,"") | J90: =IF(H90>0,(H90/I90)-1,"") | L90: =IF(H90>0,(H90/K90)-1,"") | O90: =IF(M90>0,(M90/N90)-1,"") | Q90: =IF(M90>0,(M90/P90)-1,"")
A91: Honoraires | E91: =IF(C91>0,(C91/D91)-1,"") | G91: =IF(C91>0,(C91/F91)-1,"") | J91: =IF(H91>0,(H91/I91)-1,"") | L91: =IF(H91>0,(H91/K91)-1,"") | O91: =IF(M91>0,(M91/N91)-1,"") | Q91: =IF(M91>0,(M91/P91)-1,"")
A92: Assurances | E92: =IF(C92>0,(C92/D92)-1,"") | G92: =IF(C92>0,(C92/F92)-1,"") | J92: =IF(H92>0,(H92/I92)-1,"") | L92: =IF(H92>0,(H92/K92)-1,"") | O92: =IF(M92>0,(M92/N92)-1,"") | Q92: =IF(M92>0,(M92/P92)-1,"")
A93: CET (taxe pro) | E93: =IF(C93>0,(C93/D93)-1,"") | G93: =IF(C93>0,(C93/F93)-1,"") | J93: =IF(H93>0,(H93/I93)-1,"") | L93: =IF(H93>0,(H93/K93)-1,"") | O93: =IF(M93>0,(M93/N93)-1,"") | Q93: =IF(M93>0,(M93/P93)-1,"")
A94: Autres Charges et Produits Exploitation | E94: =IF(C94>0,(C94/D94)-1,"") | G94: =IF(C94>0,(C94/F94)-1,"") | J94: =IF(H94>0,(H94/I94)-1,"") | L94: =IF(H94>0,(H94/K94)-1,"") | O94: =IF(M94>0,(M94/N94)-1,"") | Q94: =IF(M94>0,(M94/P94)-1,"")
A95: Total Autres Frais | C95: =+C82+C83+C84+C85+C86+C87+C88+C89+C90+C91+C92+C93+C94+C75+C76+C77+C78+C79+C80+C72+C73+C66+C67+C68+C69+C70+C62+C63+C64 -> 0 | D95: =+D82+D83+D84+D85+D86+D87+D88+D89+D90+D91+D92+D93+D94+D75+D76+D77+D78+D79+D80+D72+D73+D66+D67+D68+D69+D70+D62+D63+D64 -> 0 | E95: =IF(C95>0,(C95/D95)-1,"") | F95: =+F82+F83+F84+F85+F86+F87+F88+F89+F90+F91+F92+F93+F94+F75+F76+F77+F78+F79+F80+F72+F73+F66+F67+F68+F69+F70+F62+F63+F64 -> 0 | G95: =IF(C95>0,(C95/F95)-1,"") | H95: =+H82+H83+H84+H85+H86+H87+H88+H89+H90+H91+H92+H93+H94+H75+H76+H77+H78+H79+H80+H72+H73+H66+H67+H68+H69+H70+H62+H63+H64 -> 0 | I95: =+I82+I83+I84+I85+I86+I87+I88+I89+I90+I91+I92+I93+I94+I75+I76+I77+I78+I79+I80+I72+I73+I66+I67+I68+I69+I70+I62+I63+I64 -> 0 | J95: =IF(H95>0,(H95/I95)-1,"") | K95: =+K82+K83+K84+K85+K86+K87+K88+K89+K90+K91+K92+K93+K94+K75+K76+K77+K78+K79+K80+K72+K73+K66+K67+K68+K69+K70+K62+K63+K64 -> 0 | L95: =IF(H95>0,(H95/K95)-1,"") | M95: =+M82+M83+M84+M85+M86+M87+M88+M89+M90+M91+M92+M93+M94+M75+M76+M77+M78+M79+M80+M72+M73+M66+M67+M68+M69+M70+M62+M63+M64 -> 0 | N95: =+N82+N83+N84+N85+N86+N87+N88+N89+N90+N91+N92+N93+N94+N75+N76+N77+N78+N79+N80+N72+N73+N66+N67+N68+N69+N70+N62+N63+N64 -> 0 | O95: =IF(M95>0,(M95/N95)-1,"") | P95: =+P82+P83+P84+P85+P86+P87+P88+P89+P90+P91+P92+P93+P94+P75+P76+P77+P78+P79+P80+P72+P73+P66+P67+P68+P69+P70+P62+P63+P64 -> 0 | Q95: =IF(M95>0,(M95/P95)-1,"")
A97: Amortissements | E97: =IF(C97>0,(C97/D97)-1,"") | G97: =IF(C97>0,(C97/F97)-1,"") | J97: =IF(H97>0,(H97/I97)-1,"") | L97: =IF(H97>0,(H97/K97)-1,"") | O97: =IF(M97>0,(M97/N97)-1,"") | Q97: =IF(M97>0,(M97/P97)-1,"")
A98: Loyers | E98: =IF(C98>0,(C98/D98)-1,"") | G98: =IF(C98>0,(C98/F98)-1,"") | J98: =IF(H98>0,(H98/I98)-1,"") | L98: =IF(H98>0,(H98/K98)-1,"") | O98: =IF(M98>0,(M98/N98)-1,"") | Q98: =IF(M98>0,(M98/P98)-1,"")
A99: Résultat Brut Explotation (RBE) | C99: =+C27-C95+C97+C98+C58+C31 -> 0 | D99: =+D27-D95+D97+D98+D58+D31 -> 0 | E99: =IF(C99>0,(C99/D99)-1,"") | F99: =+F27-F95+F97+F98+F58+F31 -> 0 | G99: =IF(C99>0,(C99/F99)-1,"") | H99: =+H27-H95+H97+H98+H58+H31 -> 0 | I99: =+I27-I95+I97+I98+I58+I31 -> 0 | J99: =IF(H99>0,(H99/I99)-1,"") | K99: =+K27-K95+K97+K98+K58+K31 -> 0 | L99: =IF(H99>0,(H99/K99)-1,"") | M99: =+M27-M95+M97+M98+M58+M31 -> 0 | N99: =+N27-N95+N97+N98+N58+N31 -> 0 | O99: =IF(M99>0,(M99/N99)-1,"") | P99: =+P27-P95+P97+P98+P58+P31 -> 0 | Q99: =IF(M99>0,(M99/P99)-1,"")
A102: CH LOUEES
A103: EFFECTIF HEBERGEMENT / # LOUEES | C103: =+C13/C6 -> 3 | D103: =+D13/D6 -> 9 | E103: =IF(C103>0,(C103/D103)-1,"") -> -0.66666667 | F103: =+F13/F6 -> #DIV/0! | G103: =IF(C103>0,(C103/F103)-1,"") -> #DIV/0! | H103: =+H13/H6 -> 3 | I103: =+I13/I6 -> 9 | J103: =IF(H103>0,(H103/I103)-1,"") -> -0.66666667 | K103: =+K13/K6 -> #DIV/0! | L103: =IF(H103>0,(H103/K103)-1,"") -> #DIV/0! | M103: =+M13/M6 -> 3 | N103: =+N13/N6 -> 9 | O103: =IF(M103>0,(M103/N103)-1,"") -> -0.66666667 | P103: =+P13/P6 -> #DIV/0! | Q103: =IF(M103>0,(M103/P103)-1,"") -> #DIV/0!
A104: COUT BLANCHISSERIE / # LOUEES | C104: =+C61/C6 -> 0 | D104: =+D61/D6 -> 0 | E104: =IF(C104>0,(C104/D104)-1,"") | F104: =+F61/F6 -> #DIV/0! | G104: =IF(C104>0,(C104/F104)-1,"") | H104: =+H61/H6 -> 0 | I104: =+I61/I6 -> 0 | J104: =IF(H104>0,(H104/I104)-1,"") | K104: =+K61/K6 -> #DIV/0! | L104: =IF(H104>0,(H104/K104)-1,"") | M104: =+M61/M6 -> 0 | N104: =+N61/N6 -> 0 | O104: =IF(M104>0,(M104/N104)-1,"") | P104: =+P61/P6 -> #DIV/0! | Q104: =IF(M104>0,(M104/P104)-1,"")
A105: PRIME COST REST | C105: =+((C38+C43+C48+C53)+C29)/C25 -> #DIV/0! | D105: =+((D38+D43+D48+D53)+D29)/D25 -> #DIV/0! | E105: =IF(C105>0,(C105/D105)-1,"") -> #DIV/0! | F105: =+((F38+F43+F48+F53)+F29)/F25 -> #DIV/0! | G105: =IF(C105>0,(C105/F105)-1,"") -> #DIV/0! | H105: =+((H38+H43+H48+H53)+H29)/H25 -> #DIV/0! | I105: =+((I38+I43+I48+I53)+I29)/I25 -> #DIV/0! | J105: =IF(H105>0,(H105/I105)-1,"") -> #DIV/0! | K105: =+((K38+K43+K48+K53)+K29)/K25 -> #DIV/0! | L105: =IF(H105>0,(H105/K105)-1,"") -> #DIV/0! | M105: =+((M38+M43+M48+M53)+M29)/M25 -> #DIV/0! | N105: =+((N38+N43+N48+N53)+N29)/N25 -> #DIV/0! | O105: =IF(M105>0,(M105/N105)-1,"") -> #DIV/0! | P105: =+((P38+P43+P48+P53)+P29)/P25 -> #DIV/0! | Q105: =IF(M105>0,(M105/P105)-1,"") -> #DIV/0!
A106: REVPAR | C106: =+C99/C6 -> 0 | D106: =+D99/D6 -> 0 | E106: =IF(C106>0,(C106/D106)-1,"") | F106: =+F99/F6 -> #DIV/0! | G106: =IF(C106>0,(C106/F106)-1,"") | H106: =+H99/H6 -> 0 | I106: =+I99/I6 -> 0 | J106: =IF(H106>0,(H106/I106)-1,"") | K106: =+K99/K6 -> #DIV/0! | L106: =IF(H106>0,(H106/K106)-1,"") | M106: =+M99/M6 -> 0 | N106: =+N99/N6 -> 0 | O106: =IF(M106>0,(M106/N106)-1,"") | P106: =+P99/P6 -> #DIV/0! | Q106: =IF(M106>0,(M106/P106)-1,"")
A107: RBE EN %/CA | C107: =+C99/C27 -> #DIV/0! | D107: =+D99/D27 -> #DIV/0! | E107: =IF(C107>0,(C107/D107)-1,"") -> #DIV/0! | F107: =+F99/F27 -> #DIV/0! | G107: =IF(C107>0,(C107/F107)-1,"") -> #DIV/0! | H107: =+H99/H27 -> #DIV/0! | I107: =+I99/I27 -> #DIV/0! | J107: =IF(H107>0,(H107/I107)-1,"") -> #DIV/0! | K107: =+K99/K27 -> #DIV/0! | L107: =IF(H107>0,(H107/K107)-1,"") -> #DIV/0! | M107: =+M99/M27 -> #DIV/0! | N107: =+N99/N27 -> #DIV/0! | O107: =IF(M107>0,(M107/N107)-1,"") -> #DIV/0! | P107: =+P99/P27 -> #DIV/0! | Q107: =IF(M107>0,(M107/P107)-1,"") -> #DIV/0!
A108: ENERGIE / # LOUEES | C108: =+C81/C6 -> 0 | D108: =+D81/D6 -> 0 | E108: =IF(C108>0,(C108/D108)-1,"") | F108: =+F81/F6 -> #DIV/0! | G108: =IF(C108>0,(C108/F108)-1,"") | H108: =+H81/H6 -> 0 | I108: =+I81/I6 -> 0 | J108: =IF(H108>0,(H108/I108)-1,"") | K108: =+K81/K6 -> #DIV/0! | L108: =IF(H108>0,(H108/K108)-1,"") | M108: =+M81/M6 -> 0 | N108: =+N81/N6 -> 0 | O108: =IF(M108>0,(M108/N108)-1,"") | P108: =+P81/P6 -> #DIV/0! | Q108: =IF(M108>0,(M108/P108)-1,"")
A110: Couts Variables | C110: =+C61+C64+C66+C77+C86+C90 -> 0 | D110: =+D61+D64+D66+D77+D86+D90 -> 0 | E110: =IF(C110>0,(C110/D110)-1,"") | F110: =+F61+F64+F66+F77+F86+F90 -> 0 | G110: =IF(C110>0,(C110/F110)-1,"") | H110: =+H61+H64+H66+H77+H86+H90 -> 0 | I110: =+I61+I64+I66+I77+I86+I90 -> 0 | J110: =IF(H110>0,(H110/I110)-1,"") | K110: =+K61+K64+K66+K77+K86+K90 -> 0 | L110: =IF(H110>0,(H110/K110)-1,"") | M110: =+M61+M64+M66+M77+M86+M90 -> 0 | N110: =+N61+N64+N66+N77+N86+N90 -> 0 | O110: =IF(M110>0,(M110/N110)-1,"") | P110: =+P61+P64+P66+P77+P86+P90 -> 0 | Q110: =IF(M110>0,(M110/P110)-1,"")
...
